 Dungeon Crawl Stone Soup version 0.26-a0-651-gb41185065b (webtiles) character file.

Game seed: 4940637923323891072

1542205 imnewhereh the Axe Maniac (level 27, -3/226 HPs)
             Began as a Gnoll Warper on Oct 11, 2020.
             Was the Champion of Makhleb.
             Slain by a bennu (15 damage)
             ... on level 3 of the Tomb of the Ancients on Oct 28, 2020.
             The game lasted 11:49:36 (157168 turns).

imnewhereh the Axe Maniac (Gnoll Warper)          Turns: 157168, Time: 11:49:37

Health: -3/226     AC: 42    Str: 21      XL:     27
Magic:  22/37      EV: 26    Int: 44 (45) God:    Makhleb [******]
Gold:   9527       SH: 34    Dex:  9 (10) Spells: 8/80 levels left

rFire    + . .     SeeInvis .   b - +9 broad axe (vorpal)
rCold    + + .     Faith    +   m - +8 tower shield
rNeg     + + .     Spirit   .   (armour currently unavailable)
rPois    ∞         Reflect  .   D - +3 helmet of the Wumpus {rPois rC+ Int+4}
rElec    +         Harm     .   Z - +2 cloak of Filth {rF+ Str+4 Int+4}
rCorr    .         Rampage  .   (gloves currently unavailable)
MR       +++++     Rnd*Rage +   (boots currently unavailable) Stlth +++++++++.Rnd*Tele +
                                X - amulet of Ypsyloets {Faith +Inv Int+6}
HPRegen  0.47/turn              N - ring of Dohiel {rC+ rN+ Str+2}
MPRegen  0.25/turn              f - ring "Vyiddaas" {Wiz *Contam MR+ Int+8 Dex-3}

@: statue-form, death's door cooldown, slowed, very slow
A: distributed training, fangs 1, hooves 1, camouflage 1, berserk 3, blurry
vision 2, clumsy 2, deformed body, deterioration 1, dopey 1, frail 3, low mp 3,
magic resistance 3, screaming 1, teleportitis 2, subdued magic 2, strong nose
}: 14/15 runes: serpentine, barnacled, slimy, silver, iron, obsidian, icy, bone,
abyssal, demonic, glowing, magical, fiery, dark
a: End Transformation, Minor Destruction, Lesser Servant of Makhleb, Major
Destruction, Greater Servant of Makhleb, Renounce Religion, Evoke Invisibility


You were on level 3 of the Tomb of the Ancients.
You worshipped Makhleb.
Makhleb was exalted by your worship.
You were a stone statue.
You visited 18 branches of the dungeon, and saw 90 of its levels.
You visited Pandemonium 2 times, and saw 12 of its levels.
You visited the Abyss 2 times.
You also visited: Wizlab.

You collected 16273 gold pieces.
You spent 6746 gold pieces at shops.

Inventory:

Hand Weapons
 b - a +9 vorpal broad axe (weapon)
Missiles
 u - 9 silver javelins (quivered)
 K - 11 boomerangs of dispersal
 M - 15 throwing nets
Armour
 m - a +8 tower shield (worn)
 p - the +0 pair of boots of Wylu (melded) {Regen+ Slay+4}
   (You found it on level 5 of the Depths)

   It affects your accuracy and damage with ranged weapons and melee attacks
   (+4).
   It increases your rate of regeneration.
 D - the +3 helmet of the Wumpus (worn) {rPois rC+ Int+4}
   (You acquired it on level 8 of the Dungeon)

   It affects your intelligence (+4).
   It protects you from cold.
   It protects you from poison.
 H - +0 acid dragon scales (melded)
 L - a +2 pair of gloves of dexterity (melded)
 Z - the +2 cloak of Filth (worn) {rF+ Str+4 Int+4}
   (You found it on level 4 of the Snake Pit)

   It affects your strength (+4).
   It affects your intelligence (+4).
   It protects you from fire.
Jewellery
 f - the ring "Vyiddaas" (right hand) {Wiz *Contam MR+ Int+8 Dex-3}
   (You bought it in a shop on level 3 of the Snake Pit)

   [ring of wizardry]

   It improves your spell success rate.
   It affects your intelligence (+8).
   It affects your dexterity (-3).
   It affects your resistance to hostile enchantments.
   It causes magical contamination when unequipped.
 C - the ring "Pedeud" {rElec rCorr Int+3}
   (You bought it in a shop on level 3 of the Snake Pit)

   [ring of resist corrosion]

   It affects your intelligence (+3).
   It insulates you from electricity.
   It provides partial protection from all sources of acid and corrosion.
 N - the ring of Dohiel (left hand) {rC+ rN+ Str+2}
   (You took it off an ironheart preserver on level 5 of the Vaults)

   [ring of positive energy]

   It affects your strength (+2).
   It protects you from cold.
   It protects you from negative energy.
 X - the amulet of Ypsyloets (around neck) {Faith +Inv Int+6}
   (You bought it in a shop on level 3 of the Snake Pit)

   [amulet of faith]

   It allows you to gain divine favour quickly.
   It affects your intelligence (+6).
   It lets you turn invisible.
Wands
 F - a wand of acid (47)
 Q - a wand of digging (13)
Scrolls
 i - 6 scrolls of enchant weapon
 k - 8 scrolls of immolation
 r - 40 scrolls of identify
 t - 5 scrolls of teleportation
 x - 11 scrolls of remove curse
 y - 10 scrolls of fog
 z - 13 scrolls of blinking
 A - 6 scrolls of amnesia
 G - 3 scrolls of holy word
 I - 12 scrolls of enchant armour
 J - 9 scrolls of fear
 O - 2 scrolls of silence
 U - 4 scrolls of magic mapping
 W - a scroll of summoning
Potions
 d - 5 potions of might
 e - 4 potions of lignification
 g - 4 potions of berserk rage
 h - 16 potions of haste
 l - 8 potions of flight
 n - 5 potions of resistance
 q - 29 potions of curing
 s - 3 potions of cancellation
 w - 10 potions of heal wounds
 P - 3 potions of magic
 R - 5 potions of invisibility
Books
 c - a manual of Summonings
Miscellaneous
 v - a condenser vane (2/2)
 B - a box of beasts (3/3)
 E - the horn of Geryon
 S - a phantom mirror
 V - a tin of tremorstones (3/3)


   Skills:
 O Level 27 Fighting
 O Level 27 Short Blades
 O Level 27 Long Blades
 O Level 27 Axes
 O Level 27 Maces & Flails
 O Level 27 Polearms
 O Level 27 Staves
 O Level 27 Slings
 O Level 27 Bows
 O Level 27 Crossbows
 O Level 27 Throwing
 O Level 27 Armour
 O Level 27 Dodging
 O Level 27 Stealth
 O Level 27 Shields
 O Level 27 Unarmed Combat
 O Level 27 Spellcasting
 O Level 27 Conjurations
 O Level 27 Hexes
 O Level 27 Summonings
 O Level 27 Necromancy
 O Level 27 Translocations
 O Level 27 Transmutations
 O Level 27 Fire Magic
 O Level 27 Ice Magic
 O Level 27 Air Magic
 O Level 27 Earth Magic
 O Level 27 Poison Magic
 O Level 27 Invocations
 O Level 27 Evocations


You had 8 spell levels left.
You knew the following spells:

 Your Spells              Type           Power        Failure   Level
a - Discord               Hex            ########..   0%          8
b - Blink                 Tloc           N/A          0%          2
c - Passage of Golubria   Tloc           N/A          0%          4
d - Death's Door          Necr           ########..   1%          9
e - Fireball              Conj/Fire      ########..   0%          5
f - Dragon's Call         Summ           ########..   1%          9
g - Borgnjor's Vile Clut  Necr/Erth      ########..   0%          5
h - Tornado               Air            ########..   1%          9
i - Statue Form           Tmut/Erth      ########.    0%          6
j - Passwall              Tmut/Erth      ########     0%          2
k - Apportation           Tloc           ######       0%          1
l - Dispel Undead         Necr           ########     0%          4
m - Ignition              Fire           ########..   0%          8

Your spell library contained the following spells:

 Spells                   Type           Power        Failure   Level
 Animate Skeleton         Necr           ######       0%          1
 Corona                   Hex            #######      0%          1
 Foxfire                  Conj/Fire      ####         0%          1
 Magic Dart               Conj           ####         0%          1
 Pain                     Necr           ####         0%          1
 Shock                    Conj/Air       ####         0%          1
 Sting                    Tmut/Pois      ####         0%          1
 Summon Small Mammal      Summ           ####         0%          1
 Call Imp                 Summ           ########     0%          2
 Corpse Rot               Necr/Air       N/A          0%          2
 Ensorcelled Hibernation  Hex/Ice        ######       0%          2
 Poisonous Vapours        Pois/Air       ######       0%          2
 Searing Ray              Conj           ######       0%          2
 Slow                     Hex            ########     0%          2
 Sublimation of Blood     Necr           ########..   0%          2
 Swiftness                Air            ########     0%          2
 Wereblood                Tmut           ########     0%          2
 Confusing Touch          Hex            ########     0%          3
 Conjure Flame            Conj/Fire      ########     0%          3
 Dazzling Flash           Conj/Hex       ######       0%          3
 Frozen Ramparts          Ice            ######       0%          3
 Gell's Gravitas          Tloc           ########..   0%          3
 Ignite Poison            Fire/Tmut/Pois ########     0%          3
 Inner Flame              Hex/Fire       ########     0%          3
 Lesser Beckoning         Tloc           ########..   0%          3
 Mephitic Cloud           Conj/Pois/Air  ########     0%          3
 Ozocubu's Armour         Ice            ########     0%          3
 Portal Projectile        Hex/Tloc       ######       0%          3
 Spider Form              Tmut/Pois      ########..   0%          3
 Static Discharge         Conj/Air       ########     0%          3
 Stone Arrow              Conj/Erth      ######       0%          3
 Summon Guardian Golem    Hex/Summ       ########     0%          3
 Teleport Other           Tloc           ########     0%          3
 Tukima's Dance           Hex            ########     0%          3
 Vampiric Draining        Necr           ########..   0%          3
 Airstrike                Air            ########..   0%          4
 Animate Dead             Necr           ########..   0%          4
 Cause Fear               Hex            ########..   0%          4
 Fulminant Prism          Conj/Hex       ########..   0%          4
 Hailstorm                Conj/Ice       ########     0%          4
 Ice Form                 Ice/Tmut       ########     0%          4
 Iskenderun's Mystic Bla  Conj/Tloc      ########     0%          4
 Olgreb's Toxic Radiance  Pois           ########     0%          4
 Petrify                  Tmut/Erth      ########     0%          4
 Sticky Flame             Conj/Fire      ########     0%          4
 Summon Ice Beast         Ice/Summ       ########     0%          4
 Summon Lightning Spire   Summ/Air       ########     0%          4
 Alistair's Intoxication  Tmut/Pois      ########.    0%          5
 Blade Hands              Tmut           ########..   0%          5
 Bolt of Magma            Conj/Fire/Erth ########..   0%          5
 Excruciating Wounds      Necr           ########..   0%          5
 Irradiate                Conj/Tmut      ########..   0%          5
 Iskenderun's Battlesphe  Conj           ########     0%          5
 Lightning Bolt           Conj/Air       ########..   0%          5
 Metabolic Englaciation   Hex/Ice        ########..   0%          5
 Silence                  Hex/Air        ########..   0%          5
 Summon Demon             Summ           ########..   0%          5
 Summon Forest            Summ/Tloc      ########..   0%          5
 Summon Mana Viper        Hex/Summ       ########     0%          5
 Yara's Violent Unravell  Hex/Tmut       ########..   0%          5
 Conjure Ball Lightning   Conj/Air       ########..   0%          6
 Death Channel            Necr           ########..   0%          6
 Dispersal                Tloc           ########..   0%          6
 Eringya's Noxious Bog    Tmut/Pois      ########..   0%          6
 Freezing Cloud           Conj/Ice/Air   ########..   0%          6
 Hydra Form               Tmut           ########..   0%          6
 Invisibility             Hex            ########     0%          6
 Iron Shot                Conj/Erth      ########..   0%          6
 Ozocubu's Refrigeration  Ice            ########..   0%          6
 Shadow Creatures         Summ           N/A          0%          6
 Simulacrum               Ice/Necr       ########..   0%          6
 Starburst                Conj/Fire      ########..   0%          6
 Dragon Form              Tmut           ########..   0%          7
 Malign Gateway           Summ/Tloc      ########..   0%          7
 Orb of Destruction       Conj           ########..   0%          7
 Spellforged Servitor     Conj/Summ      ########..   0%          7
 Summon Hydra             Summ           ########..   0%          7
 Disjunction              Tloc           ########..   0%          8


Dungeon Overview and Level Annotations

Branches:
Dungeon (15/15)            Temple (1/1) D:6            Lair (6/6) D:9
 Shoals (4/4) Lair:4        Snake (4/4) Lair:4        Slime (5/5) Lair:5
    Orc (2/2) D:11            Elf (3/3) Orc:2        Vaults (5/5) D:13
  Crypt (3/3) Vaults:3       Tomb (3/3) Crypt:3      Depths (5/5) D:15
   Hell (visited)             Dis (7/7) Hell            Geh (7/7) Hell
    Coc (7/7) Hell            Tar (7/7) Hell            Zot (5/5) Depths:5
 WizLab (visited)

Altars:
Ashenzari
Cheibriados
Dithmenos
Elyvilon
Fedhas
Gozag
Hepliaklqana
Kikubaaqudgha
Makhleb
Nemelex Xobeh
Okawaru
Qazlal
Ru
Sif Muna
Trog
Uskayaw
Vehumet
Xom
Yredelemnul
Zin
The Shining One
Beogh
Jiyva

Shops:
D:4 =   D:7 *   D:15 *   Orc:2 *([   Elf:1 [}   Shoals:4 ?   Snake:3 ==}=
Vaults:2 }*(?   Vaults:3 ?   Depths:2 (=[[

Portals:
Hell: Depths:1 Depths:2 Depths:3 Depths:4 Depths:5
Abyss: Depths:4 Depths:5
Pandemonium: Depths:3 Depths:5
Ziggurat: Depths:4

Annotations:
D:4 Pikel
Zot:5 1 exclusion


Innate Abilities, Weirdness & Mutations

Your experience applies equally to all skills.
You have very sharp teeth.
Your uncanny sense of smell can sniff out nearby items.
You have large cloven feet.
((You are partially covered in icy blue scales. (AC +2)))
Your skin changes colour to match your surroundings (Stealth+).
You have an uncontrollable temper.
Scrolls take you longer to read.
You are very clumsy. (Dex -4)
Armour fits poorly on your strangely shaped body.
Your body sometimes deteriorates upon taking damage.
You are dopey. (Int -2)
You are extremely frail. (-30% HP)
Your magical capacity is extremely low. (-30% MP)
You are extremely resistant to the effects of hostile enchantments. (MR+++)
You occasionally shout uncontrollably at your foes.
You are sometimes teleported next to monsters.
Your spells are easier to cast, but less powerful.


Message History

The fireball engulfs the greater mummy!!
The greater mummy is severely damaged.
The fireball engulfs the bennu.
The bennu completely resists.
The fireball engulfs the greater mummy!!
The greater mummy is severely damaged.
Makhleb accepts your kill.
You feel a bit more experienced.
The fireball engulfs the bennu.
The bennu completely resists.
The fireball engulfs the bennu.
The bennu completely resists.
You feel extremely nervous for a moment...
You feel horribly lethargic.
You feel as though you will be slow longer.
You feel extremely nervous for a moment...
Pain shoots through your body!!
Your life is in your own hands again!
You block the bennu's attack. The bennu claws you but does no damage.
You block the bennu's attack.
A mummy priest comes into view.
The bennu pecks you!
You die...

∆ ### ∆ .W..
§....
########M§.###
#....Z8b.§M.n.
#..M###########
# ∆ ∆ ∆


You could see 2 greater mummies, a bennu, a mummy priest, a necrophage
(summoned) and a stone giant zombie.

Vanquished Creatures
  Cerebov (Pan)
  the Royal Jelly (Slime:5)
  Antaeus (Coc:7)
  Asmodeus (Geh:7)
  Gloorx Vloq (Pan)
  the Serpent of Hell (Tar:7)
  Mnoleg (Pan)
  7 orbs of fire
  Mara (Crypt:2)
  2 ancient liches
  5 greater mummies
  5 pandemonium lords (Pan)
  Boris (twice) (Vaults:4)
  Sojobo (Depths:1)
  60 shard shrikes
  Vashnia (Snake:4)
  Margery (Vaults:4)
  2 Killer Klowns (Zot:5)
  8 golden dragons
  5 curse toes
  Xtahua (Crypt:2)
  A profane servitor (Abyss:4)
  46 bone dragons
  77 Tzitzimimeh
  11 iron giants
  8 electric golems
  76 Brimstone Fiends
  16 tentacled monstrosities
  4 hellephants
  29 doom hounds
  Jorgrun (Snake:2)
  68 Ice Fiends
  14 Orb Guardians (Zot:5)
  17 Hell Sentinels
  9 quicksilver dragons
  21 liches
  Asterion (Elf:2)
  3 titans (Vaults:5)
  2 deep elf blademasters
  2 deep elf master archers (Elf:3)
  Frances (Snake:1)
  7 death cobs
  34 Executioners
  22 tentacled starspawn
  24 acid blobs
  11 sphinxes
  2 eldritch tentacles
  22 ancient champions
  43 shadow dragons
  3 krakens (Shoals:3)
  11 draconian monks
  Roxanne (Snake:2)
  12 storm dragons
  The ghost of Vevoth Taqom the Unseen, an adept SpEn of Dithmenos (Depths:1)
  10 tengu reavers
  3 revenants
  8 frost giants
  9 draconian knights
  6 nagarajas (Snake:4)
  9 fire giants
  19 azure jellies
  12 vault wardens
  3 black suns (Pan)
  5 ghost moths
  6 corrupters (Pan)
  2 orc warlords
  8 iron dragons
  30 cacodemons
  8 draconian scorchers
  41 balrugs
  5 deep elf sorcerers
  4 draconian shifters
  4 curse skulls
  7 warmongers (Pan)
  3 ironheart preservers
  A deep elf elementalist (Elf:3)
  3 draconian stormcallers
  4 draconian annihilators
  2 angels
  161 reapers
  13 war gargoyles
  24 very ugly things
  14 stone giants
  13 vampire knights
  3 elemental wellsprings
  126 large abominations
  5 deep elf demonologists
  3 blood saints (Pan)
  A bennu (Tomb:3)
  13 lorocyprocas
  8 red draconians
  9 green draconians
  A spark wasp (Depths:3)
  6 deep elf annihilators
  13 black draconians
  2 spectral titans (Depths:1)
  A spark wasp (shapeshifter) (Vaults:5)
  11 purple draconians
  6 yellow draconians
  8 eidola
  5 white draconians
  5 merfolk javelineers
  10 ettins
  11 green deaths
  18 death oozes
  11 deep elf death magi
  8 merfolk impalers
  19 jiangshi
  14 fire dragons
  8 quicksilver dragon zombies
  61 blizzard demons
  Josephine (Shoals:1)
  2 spectral golden dragons (Depths:1)
  19 mummy priests
  2 deep elf high priests (Elf:3)
  11 ogre magi
  12 yaktaur captains
  6 hydras
  3 kraken zombies
  6 rakshasas
  28 naga warriors
  19 quicksilver dragon skeletons
  12 great orbs of eyes
  6 monstrous demonspawn (Pan)
  2 caustic shrike simulacra (Depths:1)
  Harold (Lair:1)
  5 hell beasts
  58 ice dragons
  2 catoblepae
  3 juggernaut simulacra
  26 vault guards
  4 ghost crabs
  3 spriggan air magi (Depths:2)
  6 centaur warriors
  An anaconda (shapeshifter) (Vaults:2)
  An alligator snapping turtle (Shoals:3)
  3 merfolk aquamancers
  3 merfolk avatars
  23 two-headed ogres
  A death yak (Lair:3)
  A death knight (Vaults:3)
  5 deep troll shamans
  21 dancing weapons
  3 anacondas
  12 death scarabs (Tomb:2)
  3 satyrs
  An alligator (Snake:1)
  8 deep troll earth magi
  4 tengu warriors
  6 orc high priests (Orc:2)
  15 vampire magi
  19 titan zombies
  20 thrashing horrors
  45 small abominations
  4 spriggan berserkers
  9 shock serpents
  17 naga sharpshooters
  55 hell hogs
  68 soul eaters
  10 iron golems
  Sonja (Lair:5)
  12 deep elf knights
  67 sun demons
  17 storm dragon zombies
  26 sixfirhies
  20 titan skeletons
  A fire crab (Lair:6)
  A spatial maelstrom (Abyss:2)
  5 iron trolls
  4 salamander mystics (Snake:4)
  13 storm dragon skeletons
  21 shadow wraiths
  23 wretched stars
  2 spectral elves (Depths:1)
  325 skeletal warriors
  28 deep trolls
  7 glowing orange brains
  153 hell knights
  6 sea snakes
  36 flayed ghosts
  12 ghost moth zombies
  10 unseen horrors
  29 anaconda zombies
  A quicksilver dragon simulacrum (Coc:6)
  14 gelid demonspawn (Pan)
  An orange crystal statue (Depths:3)
  44 shadow demons
  A swamp dragon (Snake:1)
  12 deep elf archers
  An obsidian statue (Tomb:1)
  43 phantasmal warriors
  6 infernal demonspawn
  6 torturous demonspawn (Pan)
  17 golden dragon zombies
  An unseen horror (shapeshifter) (Depths:4)
  9 naga ritualists
  A glowing orange brain (shapeshifter) (Depths:2)
  23 shadow dragon zombies
  6 wizards
  16 anaconda skeletons
  8 ironbrand convokers
  A lindwurm (shapeshifter) (Vaults:5)
  A harpy (shapeshifter) (Depths:3)
  17 ugly things
  8 orc knights
  7 golden dragon skeletons
  10 mana vipers
  9 harpies
  37 fire giant zombies
  3 orc sorcerers
  An orb spider (Abyss:2)
  9 wolf spiders
  18 wolf spider zombies
  34 deep elf magi
  5 cyclopes
  4 draconians (Abyss:4)
  A salamander (shapeshifter) (D:15)
  3 tengu skeletons
  15 salamanders
  51 necromancers
  2 sphinx skeletons
  37 stone giant zombies
  16 shadow dragon skeletons
  12 iron dragon skeletons
  25 iron dragon zombies
  4 merfolk sirens
  8 oklob plants
  8 worldbinders
  9 manticores
  10 fauns
  22 frost giant zombies
  24 moths of wrath
  12 shining eyes
  12 guardian serpents
  13 vault sentinels
  6 apocalypse crabs
  9 elephants
  18 dire elephant zombies
  9 centaur zombies
  21 frost giant skeletons
  Psyche (D:12)
  41 black mambas
  5 water nymphs
  7 ice statues
  3 titan simulacra
  78 rust devils
  26 fire giant skeletons
  6 cane toads
  31 orange demons
  58 smoke demons
  12 molten gargoyles
  5 shock serpent zombies
  6 eyes of devastation
  A torpor snail (Lair:6)
  A black mamba (shapeshifter) (Elf:2)
  23 naga magi
  8 catoblepas zombies
  19 dire elephant skeletons
  5 gargoyles
  2 kobold demonologists
  98 hellions
  A storm dragon simulacrum (Tar:2)
  17 stone giant skeletons
  4 rime drakes
  12 komodo dragons
  2 red draconian zombies
  5 shock serpent skeletons
  3 anaconda simulacra
  116 freezing wraiths
  3 spriggan zombies
  46 yaktaurs
  11 emperor scorpion zombies
  40 hellwings
  A rime drake (shapeshifter) (Vaults:1)
  12 ancient zymes
  14 efreet
  A purple draconian skeleton (Crypt:1)
  A black draconian zombie (Geh:7)
  17 demonic crawlers
  3 ghost moth simulacra
  A tengu conjurer (D:15)
  A yaktaur skeleton (Vaults:3)
  11 harpy zombies
  2 golden dragon simulacra
  36 guardian mummies
  115 ice devils
  6 silent spectres
  158 tormentors
  80 red devils
  2 jumping spiders (Crypt:3)
  A red draconian skeleton (Coc:7)
  A green draconian skeleton (Tar:6)
  6 meliai
  11 trolls
  13 merfolk
  6 catoblepas skeletons
  A pale draconian skeleton (Crypt:1)
  A wind drake (shapeshifter) (Vaults:5)
  A queen bee (Lair:4)
  15 hydra skeletons
  2 wolf spider simulacra
  8 wind drakes
  3 shadow dragon simulacra
  A raiju (shapeshifter) (Depths:2)
  8 harpy skeletons
  54 hydra zombies
  8 hornets
  108 slime creatures
  8 dream sheep
  25 blink frogs
  60 raiju
  26 alligator zombies
  A hippogriff (shapeshifter) (Vaults:2)
  A meliai zombie (Crypt:1)
  24 ettin zombies
  3 iron dragon simulacra
  13 alligator skeletons
  17 hippogriffs
  6 frost giant simulacra
  5 snapping turtles
  2 shock serpent simulacra
  20 ice dragon zombies
  5 fire giant simulacra
  16 fire dragon zombies
  A spriggan (shapeshifter) (Vaults:2)
  360 flying skulls
  87 starcursed masses
  33 water elementals
  14 fire dragon skeletons
  A wyvern (shapeshifter) (Depths:3)
  Eustachio (D:4)
  13 ushabtiu
  83 shadows
  A dire elephant simulacrum (Coc:4)
  A vampire (D:13)
  22 ettin skeletons
  2 redbacks (Crypt:3)
  11 wyverns
  3 black mamba zombies
  96 wraiths
  42 fire elementals
  An air elemental (Elf:1)
  13 ice dragon skeletons
  6 spriggans
  37 ynoxinuls
  57 yaks
  40 chaos spawn
  10 fire bats
  11 golden eyes
  9 humans (D:13)
  A human (shapeshifter) (Abyss:4)
  3 vampire mosquitoes (D:15)
  2 basilisks (Lair:6)
  6 black mamba skeletons
  36 neqoxecs
  2 steam dragons (Lair:6)
  A wind drake skeleton (Crypt:1)
  2 spatial vortices (Abyss:2)
  An elf simulacrum (Depths:1)
  3 swamp worms (Snake:1)
  A faun zombie (Crypt:1)
  Menkaure (D:4)
  7 wargs
  13 water moccasins
  2 hydra simulacra
  11 insubstantial wisps (Abyss:2)
  A merfolk zombie (Geh:6)
  77 nagas
  A water moccasin (shapeshifter) (Depths:3)
  A soldier ant (shapeshifter) (Depths:1)
  2 acid dragons
  21 cane toad zombies
  163 hell hounds
  A monstrous demonspawn skeleton (Crypt:2)
  3 floating eyes
  10 porcupines
  22 snapping turtle zombies
  3 swamp drakes (Snake:1)
  4 sky beasts
  3 ice dragon simulacra
  2 nameless horrors
  42 orc warriors
  2 ettin simulacra (Coc:6)
  3 black bears
  13 cane toad skeletons
  A black bear (shapeshifter) (Vaults:5)
  2 alligator simulacra
  12 eyes of draining
  27 ice beasts
  7 manticore zombies
  68 necrophages
  5 wolves (Lair:6)
  A fire dragon simulacrum (Coc:2)
  47 ogres
  30 phantoms
  4 boggarts (Depths:2)
  3 swamp dragon zombies
  13 centaurs
  6 elf skeletons
  17 snapping turtle skeletons
  6 manticore skeletons
  7 swamp dragon skeletons
  21 crocodiles
  7 big kobolds
  A big kobold (shapeshifter) (D:14)
  7 earth elementals
  An octopode zombie (Crypt:2)
  2 elf zombies
  20 bullfrogs
  A gnoll sergeant (D:11)
  5 cane toad simulacra
  2 glowing shapeshifter simulacra (Depths:1)
  5 wyvern skeletons (Crypt:3)
  A warg zombie (Crypt:1)
  2 troll zombies
  3 scorpions
  A water moccasin skeleton (D:8)
  28 killer bees
  A swamp dragon simulacrum (Coc:7)
  A snapping turtle simulacrum (Abyss:3)
  2 troll skeletons
  260 wights
  4 electric eels
  A polar bear skeleton (Crypt:1)
  2 howler monkeys
  3 spriggan skeletons
  14 crimson imps
  9 human zombies
  5 hounds
  4 lava snakes (Lair:6)
  10 quasits
  6 jellies
  11 orc priests
  2 bullfrog skeletons
  4 centaur skeletons
  3 iguanas
  74 iron imps
  Jessica (D:2)
  13 human skeletons
  11 hell rats
  22 orc wizards
  16 worker ants
  A porcupine skeleton (Crypt:1)
  2 ogre zombies
  2 tengu zombies
  An ogre skeleton (Dis:6)
  A hound zombie (D:7)
  2 hound skeletons
  49 mummies
  2 worker ant zombies
  2 gnolls (D:11)
  17 adders
  25 shadow imps
  68 white imps
  10 ufetubi
  An ooze (D:1)
  3 adder skeletons
  A lava snake skeleton (Crypt:2)
  3 worms
  2 ball lightnings (Pan)
  A barachi zombie (Crypt:2)
  2 dart slugs
  4 leopard geckos
  74 orcs
  6 giant cockroaches
  13 goblins
  8 hobgoblins
  12 jackals
  4 quokkas
  7 ball pythons
  12 bats
  5 frilled lizards
  A jackal skeleton (D:4)
  23 kobolds
  5 kobold skeletons
  2 kobold zombies
  2 leopard gecko skeletons
  An orc simulacrum (Coc:5)
  4 orc skeletons
  An orc zombie (D:9)
  8 rats
  A block of ice (Pan)
  38 bushes
  8 crawling corpses
  6 fire vortices (Pan)
  3 lurking horrors
  25 starspawn tentacles
  12 tentacles
  A withered plant (Crypt:3)
8047 creatures vanquished.

Vanquished Creatures (collateral kills)
  Ereshkigal (Tar:7)
  Dispater (Dis:7)
  An orb of fire (Zot:5)
  3 ancient liches
  A Killer Klown (Zot:5)
  Bai Suzhen (Crypt:2)
  Geryon (Hell)
  An electric golem (WizLab)
  A Brimstone Fiend (Geh:7)
  A hellephant (Geh:1)
  11 Orb Guardians (Zot:5)
  A deep elf blademaster (Elf:3)
  2 quicksilver dragons
  A kraken (Shoals:1)
  An Executioner (Pan)
  A storm dragon (Vaults:4)
  The ghost of Sempisk the Executioner, an adept MiBe of Trog (Depths:2)
  2 tengu reavers
  2 fire giants
  An iron dragon (Depths:4)
  4 vault wardens
  2 balrugs
  5 deep elf sorcerers
  A cacodemon (Pan)
  2 stone giants
  A frost giant (Vaults:5)
  A deep elf elementalist (Vaults:5)
  8 ironheart preservers
  A draconian annihilator (Zot:5)
  A vampire knight (Crypt:2)
  A reaper (Crypt:2)
  3 war gargoyles
  A green draconian (Zot:5)
  A black draconian (Zot:5)
  3 deep elf annihilators
  5 deep elf demonologists
  2 red draconians
  4 deep elf death magi
  A blizzard demon (Coc:1)
  A merfolk javelineer (Shoals:1)
  An eidolon (Crypt:3)
  An ettin (Depths:4)
  A green death (Hell)
  A merfolk impaler (Shoals:1)
  An ice dragon (Vaults:2)
  A deep elf high priest (Vaults:5)
  4 yaktaur captains
  7 vault guards
  2 merfolk aquamancers
  2 rakshasas
  A centaur warrior (Vaults:2)
  3 death knights
  A merfolk avatar (Shoals:1)
  11 dancing weapons
  A satyr (Shoals:2)
  20 two-headed ogres
  2 deep troll shamans (Depths:4)
  3 hell hogs (Geh:7)
  5 ogre magi
  A spriggan berserker (Depths:4)
  A tengu warrior (Depths:2)
  An orc high priest (Elf:1)
  4 sun demons
  2 soul eaters
  12 deep elf knights
  5 iron golems (WizLab)
  A deep troll earth mage (Depths:2)
  2 shadow wraiths
  A small abomination (Vaults:2)
  5 hell knights
  An anaconda zombie (Hell)
  A sixfirhy (Pan)
  A death drake (Tar:7)
  18 skeletal warriors
  A glowing orange brain (Vaults:3)
  A shadow demon (Tar:7)
  2 sea snakes
  A golden dragon zombie (Hell)
  An anaconda skeleton (Coc:7)
  3 deep trolls
  12 harpies
  An orange crystal statue (Zot:5)
  2 ironbrand convokers
  A phantasmal warrior (Vaults:5)
  4 necromancers
  An orc sorcerer (Elf:1)
  3 orc knights
  11 deep elf archers
  A sphinx zombie (Hell)
  3 moths of wrath
  39 deep elf magi
  3 cyclopes
  2 manticores
  20 ugly things
  8 fauns
  A frost giant zombie (Hell)
  2 fire giant zombies
  3 merfolk sirens
  A toenail golem (WizLab)
  2 frost giant skeletons
  7 vault sentinels
  An eye of devastation (shapeshifter) (Depths:4)
  3 rust devils (Hell)
  A water nymph (Shoals:4)
  2 gargoyles (WizLab)
  3 ice statues
  An elf zombie (Hell)
  A human zombie (Vaults:4)
  6 hellions
  A rime drake (shapeshifter) (Vaults:3)
  A cane toad (shapeshifter) (Vaults:4)
  A yaktaur (shapeshifter) (Vaults:2)
  A yaktaur zombie (Hell)
  27 yaktaurs
  3 freezing wraiths
  4 hydra zombies
  A demonic crawler (Hell)
  3 hellwings
  2 red devils
  A jumping spider (shapeshifter) (Vaults:2)
  A troll (Vaults:1)
  A queen ant zombie (Crypt:2)
  3 wind drakes (Shoals:4)
  6 merfolk
  A tengu conjurer (Depths:2)
  A meliai (shapeshifter) (Elf:1)
  5 hornets
  A dream sheep (shapeshifter) (Vaults:4)
  10 slime creatures
  A hippogriff (Shoals:4)
  A blink frog (shapeshifter) (Depths:3)
  An ettin zombie (Hell)
  A large abomination (Pan)
  An ice dragon zombie (Hell)
  A snapping turtle (Shoals:1)
  4 dream sheep (Shoals:4)
  3 spriggans
  An air elemental (Elf:3)
  5 wraiths
  A fire giant simulacrum (Vaults:4)
  A yak (shapeshifter) (Vaults:2)
  A tarantella (shapeshifter) (Elf:3)
  4 water elementals
  2 alligator skeletons
  A human (shapeshifter) (Depths:2)
  A fire elemental (Hell)
  A hog (shapeshifter) (Vaults:2)
  A neqoxec (Pan)
  An acid dragon (Vaults:1)
  An acid dragon (shapeshifter) (Vaults:5)
  2 nameless horrors
  7 orc warriors
  A cane toad skeleton (Crypt:2)
  A manticore zombie (Hell)
  12 ogres
  6 earth elementals (WizLab)
  2 wyvern skeletons (Crypt:3)
  A scorpion (shapeshifter) (Elf:3)
  An elf simulacrum (Vaults:4)
  5 hell rats (Hell)
  An ogre zombie (Crypt:2)
  A white imp (Hell)
  9 orcs
  5 bushes
  3 crawling corpses
  5 tentacles
531 creatures vanquished.

Vanquished Creatures (others)
  2 ancient liches
  An Executioner (Pan)
  An ancient champion (Crypt:1)
  An eldritch tentacle (Zot:5)
  A fire giant (Depths:4)
  An ironheart preserver (Vaults:3)
  2 elemental wellsprings
  3 draconian annihilators
  A blood saint (Pan)
  A black draconian (Zot:4)
  A deep elf annihilator (Pan)
  A white draconian (Depths:5)
  A green death (Pan)
  A blizzard demon (Pan)
  A great orb of eyes (Depths:4)
  An ice dragon (Depths:4)
  A vault guard (D:13)
  A spriggan air mage (Pan)
  An ogre mage (Depths:2)
  3 hell hogs (Geh:2)
  3 sun demons
  2 skeletal warriors (Coc:1)
  An infernal demonspawn (Pan)
  A deep troll (Depths:4)
  A wizard (Pan)
  A necromancer (Depths:3)
  A wolf spider zombie (Geh:5)
  2 deep elf magi (Elf:2)
  3 ugly things (Depths:2)
  A naga mage (Snake:4)
  2 smoke demons (Pan)
  A hellion (Pan)
  A tormentor (Pan)
  A red devil (Hell)
  A raiju (Abyss:2)
  2 flying skulls
  3 water elementals
  A shadow (Coc:1)
  A wraith (Geh:4)
  A golden eye (Abyss:4)
  2 large abominations
  2 fire bats (Pan)
  A neqoxec (Abyss:2)
  2 hell hounds
  A centaur (D:14)
  A wight (Dis:3)
  2 crimson imps
  3 small abominations
  A naga simulacrum (Abyss:2)
  An ufetubus (Abyss:2)
  22 ball lightnings (Pan)
  An orc (Orc:2)
  23 bushes
  12 demonic plants (Abyss:1)
  13 fulminant prisms
  47 fungi
  5 lurking horrors
  151 plants
  18 snaplasher vines
  28 starspawn tentacles
  45 tentacles
  14 withered plants (Crypt:3)
451 creatures vanquished.

Grand Total: 9029 creatures vanquished

Notes
Turn   | Place    | Note
-------+----------+-------------------------------------------
     0 | D:1      | imnewhereh the Gnoll Warper began the quest for the Orb.
     0 | D:1      | Reached XP level 1. HP: 20/20 MP: 6/6
   115 | D:1      | Reached XP level 2. HP: 16/26 MP: 7/7
   386 | D:1      | Reached XP level 3. HP: 31/31 MP: 9/9
   391 | D:1      | Learned a level 3 spell: Gell's Gravitas
   429 | D:1      | Reached skill level 5 in Spellcasting
   822 | D:1      | Reached skill level 1 in Invocations
  1042 | D:1      | Learned a level 2 spell: Blink
  1172 | D:2      | Reached skill level 1 in Short Blades
  1172 | D:2      | Reached skill level 1 in Long Blades
  1172 | D:2      | Reached skill level 1 in Axes
  1172 | D:2      | Reached skill level 1 in Polearms
  1172 | D:2      | Reached skill level 1 in Staves
  1172 | D:2      | Reached skill level 1 in Slings
  1172 | D:2      | Reached skill level 1 in Bows
  1172 | D:2      | Reached skill level 1 in Crossbows
  1172 | D:2      | Reached skill level 1 in Stealth
  1172 | D:2      | Reached skill level 1 in Shields
  1172 | D:2      | Reached skill level 1 in Unarmed Combat
  1172 | D:2      | Reached skill level 1 in Evocations
  1192 | D:2      | Reached XP level 4. HP: 38/38 MP: 11/11
  1446 | D:2      | Noticed Jessica
  1455 | D:2      | Killed Jessica
  1455 | D:2      | Reached skill level 1 in Conjurations
  1455 | D:2      | Reached skill level 1 in Hexes
  1455 | D:2      | Reached skill level 1 in Summonings
  1455 | D:2      | Reached skill level 1 in Necromancy
  1455 | D:2      | Reached skill level 1 in Transmutations
  1455 | D:2      | Reached skill level 1 in Fire Magic
  1455 | D:2      | Reached skill level 1 in Ice Magic
  1455 | D:2      | Reached skill level 1 in Air Magic
  1455 | D:2      | Reached skill level 1 in Earth Magic
  1455 | D:2      | Reached skill level 1 in Poison Magic
  2232 | D:3      | Found an opulent altar of Gozag.
  2233 | D:3      | Found a shimmering blue altar of Sif Muna.
  2246 | D:3      | Reached XP level 5. HP: 24/43 MP: 12/12
  3135 | D:4      | Got a steaming rapier
  3136 | D:4      | Identified the cursed +0 rapier "Danu Pepeca" {flame, Str+4
                  | Dex+2} (You found it on level 4 of the Dungeon)
  3554 | D:4      | Noticed Menkaure
  3554 | D:4      | Noticed a lemure
  3556 | D:4      | Noticed Pikel
  3558 | D:4      | Noticed a lemure
  3567 | D:4      | Killed Menkaure
  3567 | D:4      | Reached skill level 5 in Fighting
  3567 | D:4      | Reached skill level 5 in Maces & Flails
  3567 | D:4      | Reached skill level 5 in Dodging
  3567 | D:4      | Reached XP level 6. HP: 33/51 MP: 1/14
  4576 | D:4      | Reached XP level 7. HP: 56/56 MP: 15/15
  4607 | D:4      | Noticed Eustachio
  4630 | D:4      | Killed Eustachio
  4709 | D:4      | Found Otwer's Jewellery Shop.
  4829 | D:5      | Entered Level 5 of the Dungeon
  5627 | D:5      | Reached XP level 8. HP: 37/63 MP: 16/16
  5786 | D:5      | Learned a level 4 spell: Passage of Golubria
  7395 | D:6      | Found a staircase to the Ecumenical Temple.
  7406 | Temple   | Entered the Ecumenical Temple
  7542 | Temple   | Became a worshipper of Ashenzari the Shackled
  7565 | D:6      | Reached XP level 9. HP: 59/67 MP: 18/18
  7636 | D:6      | Got the arbalest "Wisuohemp" {flame, Int+8 Dex-4 Stlth+}
  7637 | D:6      | Identified the +1 arbalest "Wisuohemp" {flame, Int+8 Dex-4
                  | Stlth+} (You found it on level 6 of the Dungeon)
  8735 | D:7      | Found Teavoal's Assorted Antiques.
  8821 | D:7      | Bought a pair of glowing gloves for 210 gold pieces
  8992 | D:7      | Noticed a two-headed ogre
  9005 | D:7      | Killed a two-headed ogre
  9005 | D:7      | Reached skill level 5 in Throwing
  9005 | D:7      | Reached skill level 5 in Armour
  9219 | D:7      | Reached skill level 5 in Invocations
  9801 | D:8      | Reached XP level 10. HP: 62/75 MP: 20/20
 10189 | D:8      | Reached * piety under Ashenzari
 10198 | D:8      | Identified a scroll of acquirement
 10198 | D:8      | Acquired the cursed +3 helmet of the Wumpus {rPois rC+
                  | Int+4}
 10358 | D:8      | Reached skill level 5 in Short Blades
 10358 | D:8      | Reached skill level 5 in Long Blades
 10358 | D:8      | Reached skill level 5 in Axes
 10358 | D:8      | Reached skill level 5 in Polearms
 10358 | D:8      | Reached skill level 5 in Staves
 10358 | D:8      | Reached skill level 5 in Slings
 10358 | D:8      | Reached skill level 5 in Bows
 10358 | D:8      | Reached skill level 5 in Crossbows
 10358 | D:8      | Reached skill level 5 in Stealth
 10358 | D:8      | Reached skill level 5 in Shields
 10358 | D:8      | Reached skill level 5 in Unarmed Combat
 10358 | D:8      | Reached skill level 5 in Evocations
 10846 | D:8      | Gained mutation: Your magical capacity is low. (-10% MP)
                  | [mutagenic glow]
 11317 | D:9      | Gained mutation: Armour fits poorly on your strangely
                  | shaped body. [mutagenic glow]
 11755 | D:9      | Reached XP level 11. HP: 76/84 MP: 20/20
 11897 | D:9      | Found a staircase to the Lair.
 12777 | D:9      | Reached skill level 5 in Conjurations
 12777 | D:9      | Reached skill level 5 in Hexes
 12777 | D:9      | Reached skill level 5 in Summonings
 12777 | D:9      | Reached skill level 5 in Necromancy
 12777 | D:9      | Reached skill level 5 in Transmutations
 12777 | D:9      | Reached skill level 5 in Fire Magic
 12777 | D:9      | Reached skill level 5 in Ice Magic
 12777 | D:9      | Reached skill level 5 in Air Magic
 12777 | D:9      | Reached skill level 5 in Earth Magic
 12777 | D:9      | Reached skill level 5 in Poison Magic
 12779 | D:9      | Found a basalt altar of Yredelemnul.
 13327 | D:10     | Entered Level 10 of the Dungeon
 14205 | D:10     | Learned a level 4 spell: Fulminant Prism
 14556 | D:11     | Reached XP level 12. HP: 75/92 MP: 8/22
 14916 | D:11     | Found an iron altar of Okawaru.
 15301 | D:11     | Found a staircase to the Orcish Mines.
 15481 | D:11     | Identified the +1 plate armour of Syndicalism {rF+ rCorr
                  | Str-2 Int+7}
 15890 | Lair:1   | Entered Level 1 of the Lair of Beasts
 15894 | Lair:1   | Reached XP level 13. HP: 100/100 MP: 23/23
 15912 | Lair:1   | Reached ** piety under Ashenzari
 15970 | Lair:1   | Learned a level 5 spell: Fireball
 16104 | Lair:1   | Noticed Harold
 16112 | Lair:1   | Killed Harold
 17308 | Lair:2   | Reached XP level 14. HP: 103/107 MP: 1/25
 17415 | Lair:2   | Identified the +5 ring mail of the Good {rC+ MR- Int+3
                  | Dex+4}
 17729 | Lair:3   | Reached *** piety under Ashenzari
 17761 | Lair:3   | Found a bloodstained altar of Trog.
 17893 | Lair:3   | Reached skill level 10 in Spellcasting
 18455 | Lair:3   | Reached skill level 10 in Fighting
 18455 | Lair:3   | Reached skill level 10 in Maces & Flails
 18455 | Lair:3   | Reached skill level 10 in Dodging
 19011 | D:7      | Bought a scroll of remove curse for 84 gold pieces
 19011 | D:7      | Bought 2 scrolls of magic mapping for 196 gold pieces
 19011 | D:7      | Bought a glowing hand crossbow for 182 gold pieces
 19552 | Lair:4   | Found a staircase to the Snake Pit.
 19802 | Lair:4   | Found the +8 trident of the Octopus King {venom, rElec
                  | rPois MR+}
 20060 | Lair:4   | Found a staircase to the Shoals.
 20483 | Lair:5   | Found a staircase to the Slime Pits.
 20495 | Lair:5   | Reached skill level 10 in Invocations
 20733 | Lair:5   | Reached **** piety under Ashenzari
 20874 | Lair:5   | Noticed Sonja
 20878 | Lair:5   | Killed Sonja
 20939 | Lair:5   | Found a broken altar of Ashenzari.
 21606 | Lair:6   | Entered Level 6 of the Lair of Beasts
 21809 | Lair:6   | Reached XP level 15. HP: 88/116 MP: 10/26
 22497 | Lair:6   | Reached skill level 10 in Throwing
 22497 | Lair:6   | Reached skill level 10 in Armour
 22525 | Lair:5   | Gained mutation: Your body sometimes deteriorates upon
                  | taking damage. [mutagenic glow]
 23324 | Lair:6   | Found a large runed translucent door.
 23326 | Lair:6   | Found a large runed translucent door.
 23977 | Orc:1    | Entered Level 1 of the Orcish Mines
 23996 | Orc:1    | Learned a level 6 spell: Simulacrum
 24138 | Orc:1    | Reached ***** piety under Ashenzari
 24348 | Orc:2    | Entered Level 2 of the Orcish Mines
 24428 | Orc:2    | Noticed an orc warlord
 24462 | Orc:1    | Killed an orc warlord
 24614 | Orc:2    | Reached skill level 10 in Translocations
 24740 | Orc:2    | Found Usiulayt's Antique Weapon Emporium.
 24780 | Orc:2    | Noticed an orc warlord
 24824 | Orc:2    | Killed an orc warlord
 24973 | Orc:2    | Found Nemakoti's General Store.
 24994 | Orc:2    | Reached skill level 10 in Short Blades
 24994 | Orc:2    | Reached skill level 10 in Long Blades
 24994 | Orc:2    | Reached skill level 10 in Axes
 24994 | Orc:2    | Reached skill level 10 in Polearms
 24994 | Orc:2    | Reached skill level 10 in Staves
 24994 | Orc:2    | Reached skill level 10 in Slings
 24994 | Orc:2    | Reached skill level 10 in Bows
 24994 | Orc:2    | Reached skill level 10 in Crossbows
 24994 | Orc:2    | Reached skill level 10 in Stealth
 24994 | Orc:2    | Reached skill level 10 in Shields
 24994 | Orc:2    | Reached skill level 10 in Unarmed Combat
 24994 | Orc:2    | Reached skill level 10 in Evocations
 25430 | Orc:2    | Found Nodd's Antique Armour Shoppe.
 25608 | Orc:2    | Found Fase's Jewellery Shoppe.
 25870 | Orc:2    | Found a burning altar of Makhleb.
 26045 | Orc:2    | Found a staircase to the Elven Halls.
 26190 | Orc:2    | Bought a scroll of teleportation for 36 gold pieces
 26190 | Orc:2    | Bought a scroll of remove curse for 36 gold pieces
 26190 | Orc:2    | Bought a scroll of blinking for 90 gold pieces
 26220 | Orc:2    | Bought a pair of runed gloves for 217 gold pieces
 26257 | Orc:1    | Found a roughly hewn altar of Beogh.
 26997 | D:12     | Noticed Psyche
 26999 | D:12     | Killed Psyche
 27110 | D:12     | Learned a level 5 spell: Borgnjor's Vile Clutch
 27971 | D:13     | Found a stormy altar of Qazlal.
 27984 | D:13     | Reached XP level 16. HP: 105/124 MP: 6/28
 28530 | D:13     | Found a gate to the Vaults.
 29265 | D:14     | Identified the +2 robe of Ceobeupo {Str+7}
 30051 | D:15     | Entered Level 15 of the Dungeon
 30195 | D:15     | Learned a level 3 spell: Inner Flame
 30203 | D:15     | Found a white marble altar of Elyvilon.
 30470 | D:15     | Found Ciekoni's Assorted Antiques.
 30486 | D:15     | Bought a box of beasts (3/3) for 620 gold pieces
 30486 | D:15     | Bought a scroll of teleportation for 93 gold pieces
 30486 | D:15     | Bought a scroll of fear for 108 gold pieces
 30486 | D:15     | Bought a scroll of summoning for 294 gold pieces
 30486 | D:15     | Bought a scroll of remove curse for 93 gold pieces
 30486 | D:15     | Bought a scroll of enchant armour for 232 gold pieces
 30726 | D:15     | Reached ****** piety under Ashenzari
 31916 | D:15     | Found a staircase to the Depths.
 32424 | Snake:1  | Entered Level 1 of the Snake Pit
 33352 | Snake:2  | Reached XP level 17. HP: 132/132 MP: 2/29
 33430 | Snake:2  | Noticed Frances
 33446 | Snake:1  | Killed Frances
 33862 | Snake:2  | Noticed Jorgrun
 34047 | Snake:2  | Killed Jorgrun
 34263 | Snake:2  | Identified Roxanne's Compendium of Transformation
 34263 | Snake:2  | Noticed Roxanne
 34280 | Snake:2  | Killed Roxanne
 34291 | Snake:2  | Learned a level 6 spell: Statue Form
 34458 | Snake:2  | Learned a level 2 spell: Passwall
 34468 | Snake:2  | Learned a level 5 spell: Alistair's Intoxication
 36677 | Snake:3  | Found Fyuna's Jewellery Boutique.
 36743 | Snake:3  | Reached skill level 10 in Conjurations
 36743 | Snake:3  | Reached skill level 10 in Hexes
 36743 | Snake:3  | Reached skill level 10 in Summonings
 36743 | Snake:3  | Reached skill level 10 in Necromancy
 36743 | Snake:3  | Reached skill level 10 in Transmutations
 36743 | Snake:3  | Reached skill level 10 in Fire Magic
 36743 | Snake:3  | Reached skill level 10 in Ice Magic
 36743 | Snake:3  | Reached skill level 10 in Air Magic
 36743 | Snake:3  | Reached skill level 10 in Earth Magic
 36743 | Snake:3  | Reached skill level 10 in Poison Magic
 37147 | Snake:3  | Found Jyonu's Jewellery Shop.
 37217 | Snake:3  | Found Itunonk's Gadget Shoppe.
 37218 | Snake:3  | Found Ipieplue's Jewellery Shop.
 37367 | Snake:3  | Got the cursed spear of a treasure trove {elec, rElec Str+7
                  | SInv}
 37371 | Snake:3  | Identified the cursed +1 spear of a treasure trove {elec,
                  | rElec Str+7 SInv} (You found it on level 3 of the Snake
                  | Pit)
 37392 | Snake:3  | Found a shimmering altar of Xom.
 37530 | Snake:4  | Entered Level 4 of the Snake Pit
 37599 | Snake:4  | Reached XP level 18. HP: 141/141 MP: 12/31
 37610 | Snake:4  | Identified the +2 cloak of Filth {rF+ Str+4 Int+4}
 38334 | Snake:4  | Noticed Vashnia
 38533 | Snake:4  | Killed Vashnia
 40358 | Snake:4  | Got a serpentine rune of Zot
 40456 | Snake:4  | Acquired a Fen Folio
 40466 | Snake:4  | Learned a level 7 spell: Summon Hydra
 40473 | Snake:4  | Learned a level 5 spell: Summon Forest
 40721 | Shoals:1 | Entered Level 1 of the Shoals
 40960 | Shoals:1 | Reached XP level 19. HP: 149/149 MP: 32/32
 41350 | Shoals:1 | Noticed Josephine
 41359 | Shoals:1 | Killed Josephine
 42878 | Shoals:3 | Identified the +7 plate armour of Giriock {rPois Str+4
                  | Dex-3 Stlth+}
 43377 | Shoals:3 | Found an ancient bone altar of Kikubaaqudgha.
 43603 | Shoals:4 | Entered Level 4 of the Shoals
 43772 | Shoals:4 | Found Gooselle's Magic Scroll Emporium.
 43780 | Shoals:4 | Bought a scroll of remove curse for 51 gold pieces
 43780 | Shoals:4 | Bought a scroll of remove curse for 51 gold pieces
 43780 | Shoals:4 | Bought a scroll of amnesia for 59 gold pieces
 43780 | Shoals:4 | Bought a scroll of amnesia for 59 gold pieces
 44334 | Shoals:4 | Got a barnacled rune of Zot
 44673 | Shoals:4 | Identified the Incunabulum of the Sinister Traveller
 44734 | Shoals:4 | Identified the cursed +2 dire flail "Duuseg" {vorpal,
                  | +Blink rC+ Str+4 Int+4}
 44950 | Shoals:4 | Acquired 709 gold pieces
 45136 | Snake:3  | Bought the ring "Vyiddaas" {Wiz *Contam MR+ Int+8 Dex-3}
                  | for 760 gold pieces
 45153 | Snake:3  | Learned a level 8 spell: Disjunction
 45591 | Elf:1    | Entered Level 1 of the Elven Halls
 46097 | Elf:1    | Found Caxu's Gadget Boutique.
 46097 | Elf:1    | Found Viekaom's Antique Armour Shop.
 46123 | Elf:1    | Reached XP level 20. HP: 141/158 MP: 12/34
 46189 | Elf:1    | Bought a pair of smouldering gloves for 304 gold pieces
 46189 | Elf:1    | Identified the cursed -2 pair of gloves of Festooned Beauty
                  | {rN+} (You bought it in a shop on level 1 of the Elven
                  | Halls)
 46745 | Elf:2    | Found a runed translucent gate.
 46774 | Elf:2    | Found a runed translucent gate.
 46776 | Elf:2    | Found a runed translucent gate.
 47324 | Elf:2    | Noticed Asterion
 47342 | Elf:2    | Killed Asterion
 48139 | Elf:3    | Entered Level 3 of the Elven Halls
 48326 | Elf:3    | Identified the ring of Aro Gorur {Wiz +Blink}
 48737 | Elf:3    | Identified the +2 spear "Hiroqop" {vorpal, Str+7}
 48747 | Elf:3    | Found the cursed necklace of Bloodlust {*Rage +Rage MR++
                  | Int-3 Slay+6 *Curse}
 48796 | Elf:3    | Identified the +7 short sword "Guagetie" {protect, rElec
                  | Int+4}
 48800 | Elf:3    | Identified Sif Muna's Reference Book on Unstable
                  | Bewitchment
 48841 | Elf:3    | Identified the ring "Wojiq" {+Fly MR- Str+7 Int+4 Dex-3}
 48929 | Elf:3    | Identified Zuacw's Compendium of Hexes
 49061 | Elf:3    | Identified the ring of the Messenger {rF+ Int+5}
 49840 | Vaults:1 | Entered Level 1 of the Vaults
 50091 | Vaults:1 | Reached XP level 21. HP: 165/165 MP: 13/35
 51194 | Vaults:2 | Found Bota's Antique Weapon Boutique.
 51570 | Vaults:2 | Reached skill level 15 in Invocations
 52231 | Vaults:2 | Found Catuota's Gadget Shoppe.
 52556 | Vaults:2 | Found Pussomasch's General Store.
 52578 | Vaults:2 | Bought a scroll of enchant weapon for 90 gold pieces
 52719 | Vaults:2 | Found Cifeyhul's Magic Scroll Shop.
 52727 | Vaults:2 | Bought a scroll of teleportation for 30 gold pieces
 52727 | Vaults:2 | Bought a scroll of remove curse for 30 gold pieces
 52727 | Vaults:2 | Bought 3 scrolls of remove curse for 90 gold pieces
 52727 | Vaults:2 | Bought a scroll of teleportation for 30 gold pieces
 53861 | Vaults:3 | Identified the +6 glaive of Xaatsiq {freeze, *Corrode rF+
                  | Dex+6}
 54060 | Vaults:3 | Found Yqeony's Magic Scroll Boutique.
 54067 | Vaults:3 | Bought a scroll of magic mapping for 56 gold pieces
 54067 | Vaults:3 | Bought a scroll of enchant armour for 120 gold pieces
 54067 | Vaults:3 | Bought a scroll of enchant weapon for 120 gold pieces
 54067 | Vaults:3 | Bought a scroll of remove curse for 48 gold pieces
 54067 | Vaults:3 | Bought a scroll of magic mapping for 56 gold pieces
 54237 | Vaults:3 | Reached XP level 22. HP: 150/174 MP: 23/36
 54410 | Vaults:3 | Reached skill level 15 in Axes
 54442 | Vaults:3 | Reached skill level 15 in Spellcasting
 54475 | Vaults:3 | Found a staircase to the Crypt.
 54847 | Vaults:4 | Noticed Margery
 54858 | Vaults:4 | Killed Margery
 55082 | Vaults:4 | Reached skill level 15 in Fighting
 55082 | Vaults:4 | Reached skill level 15 in Maces & Flails
 55082 | Vaults:4 | Reached skill level 15 in Dodging
 55143 | Vaults:4 | Noticed Boris
 55156 | Vaults:4 | Killed Boris
 55839 | Vaults:5 | Entered Level 5 of the Vaults
 55839 | Vaults:5 | Noticed Boris
 55867 | Vaults:4 | Killed Boris
 55981 | Vaults:5 | Noticed an ancient lich
 56150 | Vaults:5 | Reached skill level 15 in Throwing
 56150 | Vaults:5 | Reached skill level 15 in Armour
 56301 | Vaults:5 | Reached XP level 23. HP: 181/181 MP: 4/38
 56348 | Vaults:5 | Identified the cursed +1 chain mail of Restlessness
                  | {Rampage Slay+3}
 56477 | Vaults:5 | Reached skill level 15 in Short Blades
 56477 | Vaults:5 | Reached skill level 15 in Long Blades
 56477 | Vaults:5 | Reached skill level 15 in Polearms
 56477 | Vaults:5 | Reached skill level 15 in Staves
 56477 | Vaults:5 | Reached skill level 15 in Slings
 56477 | Vaults:5 | Reached skill level 15 in Bows
 56477 | Vaults:5 | Reached skill level 15 in Crossbows
 56477 | Vaults:5 | Reached skill level 15 in Stealth
 56477 | Vaults:5 | Reached skill level 15 in Shields
 56477 | Vaults:5 | Reached skill level 15 in Unarmed Combat
 56477 | Vaults:5 | Reached skill level 15 in Evocations
 56484 | Vaults:4 | Killed an ancient lich
 57014 | Vaults:5 | Noticed an ancient lich
 57029 | Vaults:5 | Killed an ancient lich
 57253 | Vaults:5 | Identified the +3 chain mail of Ecunk {Rampage rPois MR+
                  | Dex+4}
 57332 | Vaults:5 | Identified the +1 robe of Reuho {Str+3}
 57332 | Vaults:5 | Identified the ring of Dohiel {rC+ rN+ Str+2}
 57907 | Vaults:5 | Noticed a golden dragon
 57914 | Vaults:5 | Killed a golden dragon
 57943 | Vaults:5 | Identified the +6 rapier of Fyinut {vorpal, rN+ SInv}
 58430 | Vaults:5 | Identified Vehumet's Guide on Confrontation
 58536 | Vaults:5 | Got a silver rune of Zot
 58643 | Vaults:5 | Identified the cursed +0 scale mail "Vacrudd" {Regen+
                  | rCorr}
 58644 | Vaults:5 | Identified the cursed +1 morningstar "Jucojo" {vorpal,
                  | Str+2}
 59036 | Depths:1 | Entered Level 1 of the Depths
 59049 | D:15     | Learned a level 9 spell: Tornado
 59377 | Depths:1 | Noticed Sojobo
 59734 | Depths:1 | Killed Sojobo
 59799 | Depths:1 | Learned a level 8 spell: Discord
 59830 | Depths:1 | Found a gateway to Hell.
 59968 | Depths:1 | Found a runed translucent gate.
 59968 | Depths:1 | Found a runed translucent gate.
 59968 | Depths:1 | Found a runed translucent gate.
 60273 | Depths:1 | Noticed Vevoth Taqom's ghost (adept SpEn)
 60438 | Depths:1 | Reached XP level 24. HP: 191/191 MP: 25/38
 60438 | Depths:1 | Killed Vevoth Taqom's ghost
 60463 | Depths:1 | Identified the Reference Book on Warped Intoxication
 60663 | Depths:2 | Identified the +4 fustibalus of Yesterday {flame, +Blink
                  | +Inv rElec}
 60902 | Depths:2 | Found Hottoez's Antique Armour Shop.
 60904 | Depths:2 | Found Feguwiul's Antique Weapon Shop.
 60904 | Depths:2 | Found Hunkou's Armour Shop.
 60927 | Depths:2 | Found Ysitilepp's Jewellery Shop.
 61763 | Depths:2 | Identified the +5 mace of the Protecting Augurer {pain,
                  | rPois}
 62327 | Depths:2 | Found a runed translucent gate.
 62327 | Depths:2 | Found a runed translucent gate.
 62327 | Depths:2 | Found a runed translucent gate.
 62332 | Depths:2 | Noticed Sempisk's ghost (adept MiBe)
 62334 | Depths:2 | Found a viscous altar of Jiyva.
 62335 | Depths:2 | Identified the +7 short sword "Awill" {flame, *Corrode
                  | +Blink Int+3 Dex-3}
 62345 | Depths:2 | Killed Sempisk's ghost
 62771 | Depths:3 | Reached XP level 25. HP: 199/199 MP: 21/39
 63099 | Depths:3 | Learned a level 1 spell: Apportation
 63118 | Depths:3 | Learned a level 9 spell: Dragon's Call
 63347 | Depths:3 | Found a one-way gate leading to the halls of Pandemonium.
 63695 | Depths:3 | Identified the ring of Arrival {rF+ MR+}
 64155 | Snake:3  | Bought the amulet of Ypsyloets {Faith +Inv Int+6} for 1132
                  | gold pieces
 65010 | Depths:4 | Found a magical portal.
 65042 | WizLab   | Entered Doroklohe's Tomb
 65242 | WizLab   | Identified the ring "Buigh" {rElec AC+4 Str+7 Int-2}
 65670 | Depths:4 | Found a gateway to a ziggurat.
 66347 | Depths:4 | Found a one-way gate to the infinite horrors of the Abyss.
 66848 | Depths:5 | Entered Level 5 of the Depths
 67016 | Depths:5 | Reached skill level 15 in Translocations
 67424 | Depths:5 | Found a gate to the Realm of Zot.
 67503 | Depths:5 | Found a broken altar of Ashenzari.
 67813 | Depths:5 | Identified the cursed +0 pair of boots of Wylu {Regen+
                  | Slay+4}
 67902 | Depths:5 | Acquired 944 gold pieces
 67904 | Depths:5 | Acquired a cursed staff of air
 68368 | Zot:1    | Entered Level 1 of the Realm of Zot
 68389 | Zot:1    | Identified the cursed +1 chain mail of Wakustaf {+Fly rF++
                  | Regen+ Slay-4}
 68409 | Zot:1    | Reached XP level 26. HP: 193/208 MP: 25/39
 69420 | Zot:1    | Found the +6 Majin-Bo {vamp, MP+6 Int+6}
 70649 | Zot:2    | Identified Kegoa's Incunabulum of Destructive Orientation
 71012 | Zot:2    | Identified the ring "Baekh" {Wiz Slay+2 Stlth+}
 71588 | Zot:3    | Reached XP level 27. HP: 215/215 MP: 23/40
 72295 | Zot:3    | Acquired a cursed staff of death
 72448 | Zot:4    | Reached skill level 15 in Conjurations
 72448 | Zot:4    | Reached skill level 15 in Hexes
 72448 | Zot:4    | Reached skill level 15 in Summonings
 72448 | Zot:4    | Reached skill level 15 in Necromancy
 72448 | Zot:4    | Reached skill level 15 in Transmutations
 72448 | Zot:4    | Reached skill level 15 in Fire Magic
 72448 | Zot:4    | Reached skill level 15 in Ice Magic
 72448 | Zot:4    | Reached skill level 15 in Air Magic
 72448 | Zot:4    | Reached skill level 15 in Earth Magic
 72448 | Zot:4    | Reached skill level 15 in Poison Magic
 72627 | Zot:4    | Noticed an orb of fire
 72633 | Zot:4    | Gained mutation: You are occasionally teleported next to
                  | monsters. [an orb of fire]
 72636 | Zot:4    | Gained mutation: Your body often deteriorates upon taking
                  | damage. [an orb of fire]
 72637 | Zot:4    | Killed an orb of fire
 72886 | Zot:4    | Lost mutation: Armour fits poorly on your strangely shaped
                  | body. [potion of mutation]
 72886 | Zot:4    | Lost mutation: Your body often deteriorates upon taking
                  | damage. [potion of mutation]
 72886 | Zot:4    | Gained mutation: Your mind is acute. (Int +2) [potion of
                  | mutation]
 72886 | Zot:4    | Gained mutation: Your flesh is cold resistant. (rC+)
                  | [potion of mutation]
 72887 | Zot:4    | Lost mutation: Your magical capacity is low. (-10% MP)
                  | [potion of mutation]
 72887 | Zot:4    | Lost mutation: Your flesh is cold resistant. (rC+) [potion
                  | of mutation]
 72887 | Zot:4    | Lost mutation: Your mind is acute. (Int +2) [potion of
                  | mutation]
 72887 | Zot:4    | Gained mutation: You have sharp toenails. [potion of
                  | mutation]
 72887 | Zot:4    | Gained mutation: You tend to lose your temper in combat.
                  | [potion of mutation]
 72887 | Zot:4    | Lost mutation: You tend to lose your temper in combat.
                  | [potion of mutation]
 72888 | Zot:4    | Lost mutation: You have sharp toenails. [potion of
                  | mutation]
 72888 | Zot:4    | Lost mutation: You are occasionally teleported next to
                  | monsters. [potion of mutation]
 72888 | Zot:4    | Lost mutation: Your body sometimes deteriorates upon taking
                  | damage. [potion of mutation]
 72888 | Zot:4    | Gained mutation: Your spells are a little easier to cast,
                  | but a little less powerful. [potion of mutation]
 72888 | Zot:4    | Gained mutation: Your natural rate of healing is unusually
                  | fast. [potion of mutation]
 73633 | Zot:5    | Entered Level 5 of the Realm of Zot
 73900 | Zot:5    | Identified the cursed +2 hand axe "Ziykh" {freeze, rN+++
                  | MR- Int-2 Stlth+}
 74294 | Zot:5    | Noticed an ancient lich
 74298 | Zot:5    | Noticed an orb of fire
 74299 | Zot:5    | Noticed an orb of fire
 74300 | Zot:5    | Noticed an orb of fire
 74300 | Zot:5    | Noticed an ancient lich
 74302 | Zot:5    | Noticed an orb of fire
 74303 | Zot:5    | Noticed an orb of fire
 74304 | Zot:5    | Noticed an orb of fire
 74304 | Zot:5    | Gained mutation: You occasionally shout uncontrollably at
                  | your foes. [an orb of fire]
 74306 | Zot:5    | Noticed an orb of fire
 74306 | Zot:5    | Gained mutation: Your magical capacity is low. (-10% MP)
                  | [an orb of fire]
 74308 | Zot:5    | Gained mutation: You are weak. (Str -2) [an orb of fire]
 74308 | Zot:5    | Gained mutation: You sometimes yell uncontrollably at your
                  | foes. [an orb of fire]
 74308 | Zot:5    | Lost mutation: You are weak. (Str -2) [an orb of fire]
 74309 | Zot:5    | Killed an ancient lich
 74315 | Zot:5    | Gained mutation: You are frail. (-10% HP) [mutagenic glow]
 74322 | Zot:5    | Gained mutation: You are very frail. (-20% HP) [mutagenic
                  | glow]
 74333 | Zot:5    | Gained mutation: Your body sometimes deteriorates upon
                  | taking damage. [mutagenic glow]
 74352 | Zot:5    | Killed an ancient lich
 74354 | Zot:5    | Killed an orb of fire
 74433 | Zot:5    | Killed an orb of fire
 74439 | Zot:5    | Gained mutation: You are partially covered in yellow
                  | scales. (AC +2) [an orb of fire]
 74442 | Zot:5    | Gained mutation: Your spells are easier to cast, but less
                  | powerful. [an orb of fire]
 74448 | Zot:5    | Killed an orb of fire
 74461 | Zot:5    | Killed an orb of fire
 74607 | Zot:5    | Gained mutation: Scrolls take you a little longer to read.
                  | [an orb of fire]
 74622 | Zot:4    | Gained mutation: You are extremely frail. (-30% HP) [an orb
                  | of fire]
 74627 | Zot:4    | Killed an orb of fire
 74804 | Zot:5    | Lost mutation: Your natural rate of healing is unusually
                  | fast. [an orb of fire]
 74872 | Zot:4    | Gained mutation: Your magical capacity is very low. (-20%
                  | MP) [an orb of fire]
 74876 | Zot:4    | Gained mutation: Your magical capacity is extremely low.
                  | (-30% MP) [an orb of fire]
 74878 | Zot:4    | Gained mutation: You are dopey. (Int -2) [an orb of fire]
 74880 | Zot:4    | Killed an orb of fire
 75156 | Zot:5    | Killed an orb of fire
 76040 | Zot:5    | Lost mutation: Your body sometimes deteriorates upon taking
                  | damage. [potion of mutation]
 76040 | Zot:5    | Lost mutation: You are dopey. (Int -2) [potion of mutation]
 76040 | Zot:5    | Gained mutation: Armour fits poorly on your strangely
                  | shaped body. [potion of mutation]
 76040 | Zot:5    | Lost mutation: Armour fits poorly on your strangely shaped
                  | body. [potion of mutation]
 76040 | Zot:5    | Lost mutation: Scrolls take you a little longer to read.
                  | [potion of mutation]
 76040 | Zot:5    | Gained mutation: Your flesh is heat resistant. (rF+)
                  | [potion of mutation]
 76041 | Zot:5    | Lost mutation: Your magical capacity is extremely low.
                  | (-30% MP) [potion of mutation]
 76041 | Zot:5    | Lost mutation: Your magical capacity is very low. (-20% MP)
                  | [potion of mutation]
 76041 | Zot:5    | Lost mutation: Your spells are easier to cast, but less
                  | powerful. [potion of mutation]
 76041 | Zot:5    | Lost mutation: Your magical capacity is low. (-10% MP)
                  | [potion of mutation]
 76041 | Zot:5    | Lost mutation: You sometimes yell uncontrollably at your
                  | foes. [potion of mutation]
 76041 | Zot:5    | Lost mutation: You are extremely frail. (-30% HP) [potion
                  | of mutation]
 76041 | Zot:5    | Lost mutation: Your spells are a little easier to cast, but
                  | a little less powerful. [potion of mutation]
 76042 | Zot:5    | Lost mutation: Your flesh is heat resistant. (rF+) [potion
                  | of mutation]
 76042 | Zot:5    | Lost mutation: You are very frail. (-20% HP) [potion of
                  | mutation]
 76042 | Zot:5    | Lost mutation: You are frail. (-10% HP) [potion of
                  | mutation]
 76042 | Zot:5    | Gained mutation: Your skin changes colour to match your
                  | surroundings (Stealth+). [potion of mutation]
 76042 | Zot:5    | Gained mutation: Armour fits poorly on your strangely
                  | shaped body. [potion of mutation]
 76042 | Zot:5    | Gained mutation: You are robust. (+10% HP) [potion of
                  | mutation]
 76042 | Zot:5    | Gained mutation: You are resistant to hostile enchantments.
                  | (MR+) [potion of mutation]
 76561 | Crypt:1  | Entered Level 1 of the Crypt
 76580 | Crypt:1  | Found the brooch of Shielding {Spirit SH+8}
 76587 | Crypt:1  | Identified the +4 short sword "Jiqaamn" {vorpal, rElec rN+
                  | Int+2}
 76766 | Crypt:1  | Identified the ring "Zuyri" {MR+ Str+2}
 76766 | Crypt:1  | Found a transporter.
 76768 | Crypt:1  | Identified the amulet of Wudwoma {Spirit +Blink rC++ Slay+3
                  | Stlth+}
 76768 | Crypt:1  | Identified the cursed +1 hunting sling "Grim" {freeze,
                  | *Contam +Inv rElec}
 77072 | Crypt:1  | Found a transporter.
 77515 | Crypt:1  | Acquired 1005 gold pieces
 77715 | Crypt:2  | Noticed Xtahua
 77717 | Crypt:2  | Noticed Mara
 77721 | Crypt:2  | Killed Xtahua
 77726 | Crypt:2  | Noticed Bai Suzhen
 77727 | Crypt:2  | Killed Mara
 77734 | Crypt:2  | Killed Bai Suzhen
 77948 | Crypt:2  | Identified the amulet "Jevyes" {RegenMP rC++ MR- Int+3}
 78188 | Crypt:2  | Identified the cursed +1 spear "Abuenoq" {flame, Dex+7}
 78421 | Crypt:3  | Entered Level 3 of the Crypt
 78975 | Crypt:3  | Found an ancient bone altar of Kikubaaqudgha.
 79222 | Crypt:3  | Found a staircase to the Tomb.
 79573 | Crypt:3  | Noticed an ancient lich
 79586 | Crypt:3  | Killed an ancient lich
 79591 | Crypt:3  | Noticed an ancient lich
 79600 | Crypt:3  | Killed an ancient lich
 79609 | Crypt:3  | Identified the Disquisition on Shape Shifting and the Birds
 80150 | Crypt:3  | Identified the ring "Ribuczax" {Ice Int+2}
 80453 | Crypt:3  | Identified the Guide on Evil Secrets
 80460 | Crypt:3  | Learned a level 4 spell: Dispel Undead
 80471 | Crypt:3  | Learned a level 9 spell: Death's Door
 81308 | Hell     | Entered the Vestibule of Hell
 81308 | Hell     | Noticed Geryon
 81314 | Hell     | Killed Geryon
 81320 | Hell     | Noticed an ancient lich
 81336 | Hell     | Killed an ancient lich
 81556 | Hell     | Found a gateway to the ashen valley of Gehenna.
 81678 | Hell     | Found a gateway to the Iron City of Dis.
 81861 | Hell     | Found a gateway to the freezing wastes of Cocytus.
 82039 | Hell     | Found a gateway to the decaying netherworld of Tartarus.
 82259 | Geh:1    | Entered Level 1 of Gehenna
 82692 | Geh:1    | Found a huge runed gate.
 82699 | Geh:1    | Found a huge runed gate.
 82700 | Geh:1    | Found a huge runed gate.
 82700 | Geh:1    | Found a huge runed gate.
 82706 | Geh:1    | Found a huge runed gate.
 82706 | Geh:1    | Found a huge runed gate.
 82706 | Geh:1    | Found a huge runed gate.
 82706 | Geh:1    | Found a huge runed gate.
 82719 | Geh:1    | Found a huge runed gate.
 82720 | Geh:1    | Found a huge runed gate.
 82727 | Geh:1    | Found a huge runed gate.
 82731 | Geh:1    | Found a huge runed gate.
 82731 | Geh:1    | Found a huge runed gate.
 83099 | Geh:1    | Found a huge runed gate.
 83101 | Geh:1    | Found a huge runed gate.
 83107 | Geh:1    | Found a huge runed gate.
 83107 | Geh:1    | Found a huge runed gate.
 83107 | Geh:1    | Found a huge runed gate.
 83115 | Geh:1    | Found a huge runed gate.
 83145 | Geh:1    | Found a huge runed gate.
 83145 | Geh:1    | Found a huge runed gate.
 83146 | Geh:1    | Found a huge runed gate.
 92126 | Geh:7    | Entered Level 7 of Gehenna
 94926 | Geh:7    | Identified the +7 sceptre of Asmodeus
 94926 | Geh:7    | Noticed Asmodeus
 94948 | Geh:7    | Killed Asmodeus
 95078 | Geh:7    | Got an obsidian rune of Zot
 95096 | Geh:7    | Identified the cursed +1 chain mail "Xocad" {rF++ rC+ MR-}
 95158 | Geh:7    | Identified the +7 halberd of the Rattlesnake {freeze, rElec
                  | rF+}
 95479 | Coc:1    | Entered Level 1 of Cocytus
105968 | Coc:5    | Reached skill level 27 in Axes
107064 | Coc:6    | Reached skill level 27 in Armour
109297 | Coc:7    | Entered Level 7 of Cocytus
110050 | Coc:7    | Found the +3 giant club "Skullcrusher" {speed, Str+7}
112244 | Coc:7    | Identified the cursed +3 quarterstaff "Impslayer" {vorpal,
                  | rPois rC+ Str+9 Dex-4}
112452 | Coc:7    | Noticed Antaeus
112463 | Coc:7    | Killed Antaeus
112612 | Coc:7    | Got an icy rune of Zot
112852 | Coc:7    | Identified the amulet "Meirita" {Spirit rPois}
113206 | Dis:1    | Entered Level 1 of the Iron City of Dis
121950 | Dis:7    | Entered Level 7 of the Iron City of Dis
123481 | Dis:7    | Identified the +1 scale mail of Codococ {Int-5 Dex+3
                  | Stlth+}
123482 | Dis:7    | Found the +2 robe of Vines {NoPotionHeal Regen+7}
123732 | Dis:7    | Identified the +6 war axe of Abuse {holy, *Contam Str+2
                  | Dex+6}
123774 | Dis:7    | Identified the Almanac of Shape Shifting and Weightlessness
124483 | Dis:7    | Identified the +4 staff of Dispater
124483 | Dis:7    | Noticed Dispater
124492 | Dis:7    | Killed Dispater
124693 | Dis:7    | Got an iron rune of Zot
125722 | Tar:1    | Entered Level 1 of Tartarus
126809 | Tar:1    | Reached skill level 27 in Invocations
133227 | Tar:7    | Entered Level 7 of Tartarus
133360 | Tar:7    | Identified the +6 halberd of Salt {protect, Int+2 Dex+2
                  | Stlth+}
134303 | Tar:7    | Identified the +9 plate armour of Daffodils {+Blink rC-
                  | Int+4}
134638 | Tar:7    | Identified the Catalogue of the Compass and the Rocks
134760 | Tar:7    | Identified the +0 pair of gloves of the Morning {-Cast Harm
                  | rF+ rCorr}
134896 | Tar:7    | Identified the +6 spear of Sesumm {vorpal, rC+}
134931 | Tar:7    | Noticed the Serpent of Hell
134943 | Tar:7    | Killed the Serpent of Hell
135104 | Tar:7    | Noticed Ereshkigal
135109 | Tar:7    | Identified the +7 flail "Cuecoi" {vamp, Str+3 Int+6}
135393 | Tar:7    | Reached skill level 27 in Spellcasting
135688 | Tar:7    | Reached skill level 27 in Fighting
135688 | Tar:7    | Reached skill level 27 in Maces & Flails
135688 | Tar:7    | Reached skill level 27 in Dodging
135782 | Tar:7    | Killed Ereshkigal
136293 | Tar:7    | Got a bone rune of Zot
136856 | Orc:2    | Fell from the grace of Ashenzari
136856 | Orc:2    | Became a worshipper of Makhleb the Destroyer
137148 | Depths:4 | Voluntarily entered the Abyss.
137252 | Abyss:1  | Reached * piety under Makhleb
137268 | Abyss:1  | Reached skill level 27 in Throwing
137398 | Abyss:1  | Gained mutation: Your body sometimes deteriorates upon
                  | taking damage. [a neqoxec]
137399 | Abyss:1  | Gained mutation: You are clumsy. (Dex -2) [a neqoxec]
137470 | Abyss:1  | Reached ** piety under Makhleb
137676 | Abyss:1  | Reached *** piety under Makhleb
137677 | Abyss:1  | Reached skill level 27 in Short Blades
137677 | Abyss:1  | Reached skill level 27 in Long Blades
137677 | Abyss:1  | Reached skill level 27 in Polearms
137677 | Abyss:1  | Reached skill level 27 in Staves
137677 | Abyss:1  | Reached skill level 27 in Slings
137677 | Abyss:1  | Reached skill level 27 in Bows
137677 | Abyss:1  | Reached skill level 27 in Crossbows
137677 | Abyss:1  | Reached skill level 27 in Stealth
137677 | Abyss:1  | Reached skill level 27 in Shields
137677 | Abyss:1  | Reached skill level 27 in Unarmed Combat
137677 | Abyss:1  | Reached skill level 27 in Evocations
137859 | Abyss:1  | Found a shimmering altar of Xom.
137947 | Abyss:1  | Reached **** piety under Makhleb
138364 | Abyss:1  | Reached ***** piety under Makhleb
138657 | Abyss:2  | Got a smoking arbalest
138821 | Abyss:2  | Reached ****** piety under Makhleb
138825 | Abyss:2  | Gained mutation: Scrolls take you a little longer to read.
                  | [a neqoxec]
138983 | Abyss:2  | Gained mutation: You are occasionally teleported next to
                  | monsters. [a neqoxec]
138985 | Abyss:2  | Gained mutation: You are sometimes teleported next to
                  | monsters. [a neqoxec]
138986 | Abyss:2  | Gained mutation: You are partially covered in icy blue
                  | scales. (AC +2) [a neqoxec]
138990 | Abyss:2  | Gained mutation: You sometimes yell uncontrollably at your
                  | foes. [a neqoxec]
139710 | Abyss:2  | Found a burning altar of Makhleb.
139772 | Abyss:2  | Identified the +3 arbalest "Ciech" {elec, rPois MR+ Str-3
                  | SInv} (You found it on level 2 of the Abyss)
139907 | Abyss:3  | Lost mutation: You are robust. (+10% HP) [a cacodemon]
139912 | Abyss:3  | Gained mutation: You are very clumsy. (Dex -4) [a
                  | cacodemon]
139925 | Abyss:3  | Paralysed by accursed screaming for 1 turns
139958 | Abyss:3  | Paralysed by accursed screaming for 1 turns
139962 | Abyss:3  | Paralysed by accursed screaming for 2 turns
140176 | Abyss:4  | Found a transporter.
140230 | Abyss:4  | Found a transporter.
140241 | Abyss:4  | Got an abyssal rune of Zot
140398 | Abyss:4  | Found a transporter.
140502 | Abyss:4  | Found a transporter.
140555 | Depths:4 | Escaped the Abyss
140998 | Slime:1  | Entered Level 1 of the Pits of Slime
141000 | Slime:1  | Gained mutation: Scrolls take you longer to read. [a
                  | shining eye]
141002 | Slime:1  | Gained mutation: You tend to lose your temper in combat. [a
                  | shining eye]
141010 | Slime:1  | Gained mutation: You are dopey. (Int -2) [a shining eye]
142274 | Elf:1    | Bought a fine robe for 182 gold pieces
142274 | Elf:1    | Bought a pair of embroidered gloves for 240 gold pieces
142274 | Elf:1    | Bought a fine helmet for 304 gold pieces
142276 | Elf:1    | Identified the +2 robe of the World {Harm +Inv rElec Dex-4}
                  | (You bought it in a shop on level 1 of the Elven Halls)
142280 | Elf:1    | Identified the +0 helmet "Unoa" {-Tele rF+ Regen+ rCorr}
                  | (You bought it in a shop on level 1 of the Elven Halls)
142740 | Snake:3  | Bought the ring "Pedeud" {rElec rCorr Int+3} for 443 gold
                  | pieces
143098 | Slime:4  | Paralysed by a floating eye for 4 turns
143108 | Slime:4  | Gained mutation: Your body often deteriorates upon taking
                  | damage. [a shining eye]
143112 | Slime:4  | Gained mutation: You often lose your temper in combat. [a
                  | shining eye]
143133 | Slime:4  | Lost mutation: You are partially covered in yellow scales.
                  | (AC +2) [a shining eye]
143514 | Slime:5  | Entered Level 5 of the Pits of Slime
143532 | Slime:5  | Noticed the Royal Jelly
143533 | Slime:5  | Was forgiven by Ashenzari
143541 | Slime:5  | Killed the Royal Jelly
143670 | Slime:5  | Gained mutation: Your magical capacity is low. (-10% MP) [a
                  | shining eye]
143671 | Slime:5  | Gained mutation: Your spells are a little easier to cast,
                  | but a little less powerful. [a shining eye]
143675 | Slime:5  | Gained mutation: You are frail. (-10% HP) [a shining eye]
143676 | Slime:5  | Gained mutation: You have an uncontrollable temper. [a
                  | shining eye]
143684 | Slime:5  | Got an iridescent flail
143686 | Slime:5  | Got a masterwork plate armour
143689 | Slime:5  | Identified the +4 flail of Offence {freeze, Int+3} (You
                  | found it on level 5 of the Pits of Slime)
143691 | Slime:5  | Identified the +2 plate armour of Time Monsters {rF+ MP-9
                  | Str+4 Int+4} (You found it on level 5 of the Pits of Slime)
143704 | Slime:5  | Got a transparent tin ring
143707 | Slime:5  | Identified the ring "Wuxahau" {+Inv rC+ MP+9 Str+6} (You
                  | found it on level 5 of the Pits of Slime)
143709 | Slime:5  | Got a translucent buckler
143712 | Slime:5  | Identified the +1 buckler of Perfidy {Str+7} (You found it
                  | on level 5 of the Pits of Slime)
143726 | Slime:5  | Identified Diorupt's Catalogue of the Frostbite
143829 | Slime:5  | Got a ripped robe
143832 | Slime:5  | Identified the +1 robe "Xuaban Kiti" {Rampage rN++} (You
                  | found it on level 5 of the Pits of Slime)
143833 | Slime:5  | Got a slimy rune of Zot
143837 | Slime:5  | Identified the ring "Tadwi" {Ice +Blink rN++} (You found it
                  | on level 5 of the Pits of Slime)
144284 | Slime:5  | Lost mutation: Armour fits poorly on your strangely shaped
                  | body. [potion of mutation]
144284 | Slime:5  | Lost mutation: You are very clumsy. (Dex -4) [potion of
                  | mutation]
144284 | Slime:5  | Lost mutation: You are clumsy. (Dex -2) [potion of
                  | mutation]
144284 | Slime:5  | Lost mutation: Scrolls take you longer to read. [potion of
                  | mutation]
144284 | Slime:5  | Lost mutation: You sometimes yell uncontrollably at your
                  | foes. [potion of mutation]
144284 | Slime:5  | Gained mutation: You are highly resistant to hostile
                  | enchantments. (MR++) [potion of mutation]
144285 | Slime:5  | Lost mutation: Your body often deteriorates upon taking
                  | damage. [potion of mutation]
144285 | Slime:5  | Lost mutation: You have an uncontrollable temper. [potion
                  | of mutation]
144285 | Slime:5  | Lost mutation: You often lose your temper in combat.
                  | [potion of mutation]
144285 | Slime:5  | Lost mutation: Your body sometimes deteriorates upon taking
                  | damage. [potion of mutation]
144285 | Slime:5  | Lost mutation: Your spells are a little easier to cast, but
                  | a little less powerful. [potion of mutation]
144285 | Slime:5  | Lost mutation: You are dopey. (Int -2) [potion of mutation]
144285 | Slime:5  | Gained mutation: You have large cloven feet. [potion of
                  | mutation]
145012 | Pan      | Entered Pandemonium
145177 | Pan      | Noticed Plog the pandemonium lord
145948 | Pan      | Got a smoking hand axe
145951 | Pan      | Identified the +6 hand axe "Maewnaoc" {freeze, Int+6 Dex+7
                  | SInv} (You found it in Pandemonium)
146022 | Pan      | Noticed Dunnue the pandemonium lord
146023 | Pan      | Gained mutation: Your body sometimes deteriorates upon
                  | taking damage. [a cacodemon]
146031 | Pan      | Killed Dunnue the pandemonium lord
146445 | Pan      | Gained mutation: Your spells are a little easier to cast,
                  | but a little less powerful. [a neqoxec]
146547 | Pan      | Gained mutation: Your magical capacity is very low. (-20%
                  | MP) [a cacodemon]
146553 | Pan      | Gained mutation: Your spells are easier to cast, but less
                  | powerful. [a cacodemon]
146556 | Pan      | Reached skill level 27 in Conjurations
146827 | Pan      | Gained mutation: You are very frail. (-20% HP) [a neqoxec]
146829 | Pan      | Gained mutation: Your spells are much easier to cast, but
                  | much less powerful. [a neqoxec]
146976 | Pan      | Entered the realm of Mnoleg.
147218 | Pan      | Gained mutation: You are extremely frail. (-30% HP) [a
                  | neqoxec]
147376 | Pan      | Noticed Mnoleg
147381 | Pan      | Gained mutation: Scrolls take you longer to read. [a
                  | shining eye]
147381 | Pan      | Gained mutation: You often lose your temper in combat. [a
                  | neqoxec]
147384 | Pan      | Gained mutation: Scrolls take you much longer to read. [a
                  | shining eye]
147392 | Pan      | Gained mutation: Armour fits poorly on your strangely
                  | shaped body. [Mnoleg's mutagenic touch]
147396 | Pan      | Killed Mnoleg
147549 | Pan      | Gained mutation: You have an uncontrollable temper. [a
                  | shining eye]
147554 | Pan      | Gained mutation: Your magical capacity is extremely low.
                  | (-30% MP) [a neqoxec]
147556 | Pan      | Lost mutation: Your spells are much easier to cast, but
                  | much less powerful. [a neqoxec]
147562 | Pan      | Lost mutation: You occasionally shout uncontrollably at
                  | your foes. [potion of mutation]
147562 | Pan      | Lost mutation: Scrolls take you much longer to read.
                  | [potion of mutation]
147562 | Pan      | Gained mutation: You are extremely resistant to the effects
                  | of hostile enchantments. (MR+++) [potion of mutation]
147726 | Pan      | Lost mutation: You are extremely frail. (-30% HP) [a
                  | neqoxec]
147897 | Pan      | Got a warped rapier
147951 | Pan      | Got a glowing rune of Zot
148227 | Pan      | Identified the +3 rapier of Tumult {flame, Dex+4} (You
                  | found it in Pandemonium)
148762 | Pan      | Noticed Taxoargh the pandemonium lord
148775 | Pan      | Killed Taxoargh the pandemonium lord
149753 | Pan      | Entered the realm of Lom Lobon.
149822 | Pan      | Noticed Lom Lobon
149837 | Pan      | HP: 6/258 [Lom Lobon/great icy blast (52)]
150207 | Pan      | Got a magical rune of Zot
150404 | Pan      | Gained mutation: You are clumsy. (Dex -2) [a cacodemon]
150418 | Pan      | Gained mutation: You are extremely frail. (-30% HP) [a
                  | cacodemon]
150419 | Pan      | Gained mutation: You are dopey. (Int -2) [a cacodemon]
150512 | Pan      | Gained mutation: You are very clumsy. (Dex -4) [a
                  | cacodemon]
150521 | Pan      | Noticed Cigafiw the pandemonium lord
150535 | Pan      | Killed Cigafiw the pandemonium lord
150772 | Pan      | Found an exit through the horrors of the Abyss.
151239 | Pan      | Entered the realm of Cerebov.
151249 | Pan      | Identified the +6 sword of Cerebov {flame}
151249 | Pan      | Noticed Cerebov
151268 | Pan      | Killed Cerebov
151358 | Pan      | Got a fiery rune of Zot
151394 | Pan      | Learned a level 8 spell: Ignition
151411 | Pan      | Identified the Disquisition on Necromancy and Transmutation
151451 | Pan      | Identified the Grimoire of the Birds and Transmigration
151737 | Pan      | Identified Sif Muna's Guide on Mutagenic Flight
151761 | Pan      | Got an iridescent hand crossbow
151764 | Pan      | Identified the cursed +3 hand crossbow of Discomfort
                  | {flame, +Fly} (You found it in Pandemonium)
151769 | Pan      | Identified Sif Muna's Handbook of the Many Spines
151936 | Pan      | Entered the realm of Gloorx Vloq.
152246 | Pan      | Noticed Gloorx Vloq
152514 | Pan      | Reached skill level 27 in Summonings
152889 | Pan      | Found an exit through the horrors of the Abyss.
152944 | Pan      | Reached skill level 27 in Translocations
153043 | Pan      | Killed Gloorx Vloq
153052 | Pan      | Got a dark rune of Zot
153452 | Pan      | Gained mutation: You occasionally shout uncontrollably at
                  | your foes. [a neqoxec]
153553 | Pan      | Noticed Riwn the pandemonium lord
153566 | Pan      | Killed Riwn the pandemonium lord
153788 | Pan      | Noticed Lom Lobon
153800 | Pan      | Found an exit through the horrors of the Abyss.
154023 | Pan      | Noticed Seovoag the pandemonium lord
154037 | Pan      | Reached skill level 27 in Hexes
154037 | Pan      | Reached skill level 27 in Necromancy
154037 | Pan      | Reached skill level 27 in Transmutations
154037 | Pan      | Reached skill level 27 in Fire Magic
154037 | Pan      | Reached skill level 27 in Ice Magic
154037 | Pan      | Reached skill level 27 in Air Magic
154037 | Pan      | Reached skill level 27 in Earth Magic
154037 | Pan      | Reached skill level 27 in Poison Magic
154054 | Depths:3 | Escaped Pandemonium
154241 | Pan      | Entered Pandemonium
154264 | Pan      | Noticed Cier the pandemonium lord
154274 | Pan      | Killed Cier the pandemonium lord
154425 | Pan      | Noticed Lom Lobon
154751 | Pan      | Got a demonic rune of Zot
155085 | Pan      | Got an encrusted great sword
155088 | Pan      | Identified the +11 great sword "Logef" {spect, Dex+3} (You
                  | found it in Pandemonium)
155162 | Pan      | Got a crystal spear
155380 | Pan      | Found an exit through the horrors of the Abyss.
155390 | Pan      | Took an exit into the Abyss.
155390 | Abyss:1  | Escaped into the Abyss
155418 | Depths:3 | Escaped the Abyss
155912 | Tomb:1   | Entered Level 1 of the Tomb of the Ancients
156215 | Tomb:1   | Noticed a greater mummy
156216 | Tomb:1   | Identified the +3 spear of Wyrd {flame, rN+ MR++ MP+9} (You
                  | found it in Pandemonium)
156225 | Tomb:1   | Noticed a greater mummy
156229 | Tomb:1   | Killed a greater mummy
156233 | Tomb:1   | Killed a greater mummy
156705 | Tomb:1   | Got a faintly humming chain mail
156881 | Tomb:1   | Identified the +1 chain mail "Oshrugh" {+Fly rPois} (You
                  | found it on level 1 of the Tomb of the Ancients)
156936 | Tomb:2   | Noticed an ancient lich
156936 | Tomb:2   | Noticed a greater mummy
156936 | Tomb:2   | Noticed an ancient lich
156938 | Tomb:2   | Noticed a greater mummy
157145 | Tomb:3   | Entered Level 3 of the Tomb of the Ancients
157154 | Tomb:3   | Noticed a greater mummy
157154 | Tomb:3   | Noticed a greater mummy
157161 | Tomb:3   | Killed a greater mummy
157163 | Tomb:3   | Killed a greater mummy
157163 | Tomb:3   | Noticed an ancient lich
157164 | Tomb:3   | Noticed a greater mummy
157164 | Tomb:3   | Noticed a greater mummy
157167 | Tomb:3   | Noticed a greater mummy
157168 | Tomb:3   | Killed a greater mummy
157168 | Tomb:3   | Slain by a bennu

Illustrated notes

Levels and vault maps discovered:
D:1:      psy_arrival_radial02, layout_basic
D:2:      layout_loops_corners, serial_bayou, serial_bayou_lagoon_a,
          serial_bayou_shore_a, serial_bayou_ford_a, serial_bayou_pond_d,
          uniq_jessica
D:3:      layout_basic, nicolae_overflow_hidden_temple,
          chequers_temple_overflow_statue_of_worship
D:4:      layout_basic, minivault_14, minmay_shop_enchanted_jewellery,
          uniq_menkaure, uniq_eustachio, uniq_pikel
D:5:      layout_cave_pods
D:6:      layout_layer_cave, minmay_temple_entry_mini_moons, grunt_ministairs_2,
          serial_bayou_lake_a
D:7:      layout_rooms, serial_shops, shop, the_bakery
D:8:      layout_basic, chequers_serial_rivers_room_b
D:9:      layout_cave_pools, lemuel_mausoleum_altar_yredelemnul,
          minmay_lair_entry_grove, enter_bailey_3
D:10:     layout_roguey
D:11:     layout_loops_ring, kennysheep_orc_monster_closet_entryway,
          basic_altar, minivault_25
D:12:     layout_roguey, serial_glass, glass_columns_a, glass_columns_a,
          chequers_serial_rivers_large_a, uniq_psyche
D:13:     layout_loops_ring, ximxim_vaults_locker_room, basic_altar
D:14:     layout_irregular_city, serial_park_square2, serial_column_ruins,
          column_ruins_hut_pillars, column_ruins_hut, column_ruins_open_small,
          column_ruins_corridor_corner, column_ruins_open_small,
          column_ruins_corridor_corner, column_ruins_open_small,
          column_ruins_grid_4
D:15:     grunt_enter_depths_hoard, layout_irregular_city, serial_shops, shop,
          elyvilon_altar_3, onia_ninara_cookie
Temple:   compressed_dpeg_circular_temple
Lair:1:   dpeg_oklob_gauntlet, layout_chaotic_city, infiniplex_staircase_pool,
          uniq_harold
Lair:2:   layout_hall_layers, grunt_megastairs_2, minmay_lair_oklob_chamber
Lair:3:   layout_cave_pods, basic_altar, nzn_random_ring, lemuel_fruit_tree
Lair:4:   layout_concentric_octagons, elwin_shoals_entry_rooms,
          minmay_snake_entry_six_corridors, special_room [special_room_bee],
          serial_bayou_shore_b, infiniplex_staircase_pool_2
Lair:5:   layout_cave_pods, slime_dummy, basic_altar, uniq_sonja
Lair:6:   cheibrodos_lair_end_hotspot, layout_loops_ring, lemuel_fruit_fields
Shoals:1: layout_shoals, nicolae_shoals_mertower, uniq_josephine
Shoals:2: layout_shoals
Shoals:3: layout_shoals, wheals_shoals_ruined_temple
Shoals:4: shoals_end_hangedman, layout_shoals, serial_shops, shop
Snake:1:  onia_ninara_swampy_vault, layout_rooms, st_stairs_11
Snake:2:  nicolae_snake_hallway, layout_cave_town, statue_in_the_mist_lemuel,
          grunt_ministairs_3, uniq_roxanne, uniq_frances, uniq_jorgrun
Snake:3:  layout_misc_corridors, serial_shops, shop, basic_altar,
          nrook_guardian_serpent_double, serial_bayou_shore_b,
          minmay_shop_grove, grunt_megastairs_4
Snake:4:  johnstein_snake_rune_scales, layout_onion, uniq_vashnia
Slime:1:  cheibrodos_slime_lost_civilization_10, layout_caves
Slime:2:  layout_caves
Slime:3:  layout_caves
Slime:4:  layout_caves, cheibrodos_slime_lost_civilization_4
Slime:5
Orc:1:    layout_diamond_mine, basic_altar
Orc:2:    grunt_orc_gardens, layout_caves, grunt_orc_garden, grunt_orc_garden,
          grunt_orc_garden, grunt_orc_garden, bloody_makhleb
Elf:1:    eino_elf_arrival_sip, layout_geoelf_octagon,
          hangedman_elven_crosses_minicolossus, minmay_shoptagon
Elf:2:    layout_onion_city, minivault_5, minmay_misc_feat_five,
          nrook_mini_backslash, uniq_asterion
Elf:3:    grunt_elf_hall_spiral, layout_loops_cross, minivault_25,
          grunt_ministairs_1, palyth_stone_intersect, minivault_11,
          minmay_crystal_room, lemuel_flamethrower_3
Vaults:1: ontoclasm_vaults_fault, vaults_standard_mumra_lines, v_alt_pattern_4,
          nicolae_vaults_yaktaur_gun_rack, vaults_room_hallway, v_misc_1,
          ontoclasm_vaults_shuriken, layout_vaults_omnigrid
Vaults:2: nicolae_vaults_inception_network, vaults_dpeg_spiral,
          hangedman_vaults_cutoff, grunt_vaults_bifocal,
          ontoclasm_vaults_claustrophobia, v_misc_8, vaults_mumra_minichess,
          v_misc_30, nicolae_vaults_network_square,
          nicolae_vaults_specimen_jars, nicolae_vaults_diagonal_hallway_9,
          nicolae_vaults_little_squares_6, hangedman_vaults_snaps, v_misc_25,
          layout_vaults_omnibox, serial_shops, shop, nicolae_shop_crystal, shop,
          nicolae_shop_behind_doors
Vaults:3: vaults_room_fancy_cross, minmay_crypt_entry_skeletal_spiral,
          nicolae_vaults_windows_and_doors_thing, nicolae_vaults_rhombus_6,
          vaults_dpeg_diagonal, v_rooms_6, v_misc_2, v_misc_11,
          vaults_mumra_minichess_inversion, nicolae_vaults_ring_of_whatevers,
          hangedman_vaults_nodes, nicolae_vaults_ring_of_whatevers,
          ontoclasm_vaults_gateway, nicolae_vaults_little_squares_3,
          layout_vaults_ring, serial_shops, shop
Vaults:4: nicolae_vaults_shelves_hall, ontoclasm_vaults_tryst,
          ontoclasm_vaults_ring_square, ontoclasm_vaults_chip,
          nicolae_vaults_holding_cells, nicolae_vaults_diagonal_hallway_8,
          nicolae_vaults_ring_of_whatevers, dpeg_vaults_monster_box, v_misc_3,
          layout_vaults_omnicross, uniq_boris, uniq_margery
Vaults:5: serial_shops
Crypt:1:  gammafunk_its_a_trap, layout_misc_corridors, grunt_crypt_arrival_split
Crypt:2:  layout_chaotic_city, uniq_bai_suzhen, uniq_xtahua, uniq_mara
Crypt:3:  evilmike_haunted_forest
Tomb:1
Tomb:2
Tomb:3
Depths:1: layout_gridville, hell_entry, gammafunk_ghost_necromancy,
          minmay_hedge_maze, kennysheep_windowed_goal, uniq_sojobo
Depths:2: minmay_the_grid_triangle_9x9_rhombus_full
          [minmay_the_grid_triangle_9x9_skeleton,
          minmay_the_grid_triangle_9x9_sparse_checkered,
          minmay_the_grid_triangle_9x9_alien,
          minmay_the_grid_triangle_9x9_empty,
          minmay_the_grid_triangle_9x9_thin_v,
          minmay_the_grid_triangle_9x9_warning,
          minmay_the_grid_triangle_9x9_cache,
          minmay_the_grid_triangle_9x9_prize_top_heavy], layout_gridlike,
          hell_entry, gammafunk_ghost_ooze, hangedman_decor_slide_cut,
          hex_medium, minmay_shop_grid_forest, serial_bayou_shore_b
Depths:3: minmay_diamond_stairs, layout_gridville, rand_demon_pan_entry_5,
          chequers_serial_rivers_room_b, hell_entry, minmay_protected_statue,
          minmay_staircase_windowed_small
Depths:4: kennysheep_ambush_hall, layout_gridlike, enter_ziggurat_a,
          minmay_room_of_horrors, wad_floor_pattern_untrapped,
          infiniplex_enter_wizlab_water, hell_entry
Depths:5: grunt_twist_and_shout, layout_basic, nicolae_ashenzari_panopticon,
          hell_entry, pan_entry, abyss_entry
Hell
Dis:1:    layout_gridville
Dis:2:    layout_subdivisions, hangedman_player_shredder
Dis:3:    layout_jigsaw
Dis:4:    layout_overlapping_boxes
Dis:5:    layout_gridville
Dis:6:    layout_subdivisions
Dis:7:    dis_hangedman
Geh:1:    layout_gehenna_pools_basic, not_door_vault_due
Geh:2:    layout_gehenna_pools_triple, lemuel_flamethrower_3
Geh:3:    layout_gehenna_pools_box, grunt_megastairs_5
Geh:4:    layout_gehenna_pools_triple
Geh:5:    layout_gehenna_pools_box
Geh:6:    layout_gehenna_lava_caves
Geh:7:    geh_grunt
Coc:1:    grunt_deathspiral_small, layout_cocytus_water_paths
Coc:2:    layout_cocytus_water_paths
Coc:3:    layout_cocytus_water_paths
Coc:4:    layout_ice_bergs
Coc:5:    layout_ice_bergs
Coc:6:    layout_ice_bergs
Coc:7:    coc_mu
Tar:1:    layout_honeycomb
Tar:2:    layout_catacombs
Tar:3:    layout_cathedral_of_symmetry
Tar:4:    layout_cathedral_of_symmetry
Tar:5:    layout_cathedral_of_symmetry
Tar:6:    minmay_shadows, layout_grid_maze, nicolae_tar_cuneiform_water
Tar:7:    tar_grunt_cathedral
Zot:1:    layout_basic, hangedman_zot_gyre, bh_zot_ikea_curve
Zot:2:    layout_basic
Zot:3:    layout_onion_interference
Zot:4:    layout_cathedral_of_symmetry
Zot:5:    layout_basic

Skill      XL: |  1  2  3  4  5  6  7  8  9 10 11 12 13 14 15 16 17 18 19 20 21 22 23 24 25 26 27 |
---------------+----------------------------------------------------------------------------------+-----
Spellcasting   | 5 6 7 8 9 10 11 12 13 14 15 16 17 27 | 27.0
Invocations    | 1 2 3 4 5 6 7 8 9 10 11 12 13 14 15 16 17 18 27 | 27.0
Short Blades   | 1 2 3 4 5 6 8 9 10 11 12 13 14 15 16 17 27 | 27.0
Long Blades    | 1 2 3 4 5 6 8 9 10 11 12 13 14 15 16 17 27 | 27.0
Axes           | 1 2 3 4 5 6 8 9 10 11 12 13 14 16 17 18 19 27 | 27.0
Polearms       | 1 2 3 4 5 6 8 9 10 11 12 13 14 15 16 17 27 | 27.0
Staves         | 1 2 3 4 5 6 8 9 10 11 12 13 14 15 16 17 27 | 27.0
Slings         | 1 2 3 4 5 6 8 9 10 11 12 13 14 15 16 17 27 | 27.0
Bows           | 1 2 3 4 5 6 8 9 10 11 12 13 14 15 16 17 27 | 27.0
Crossbows      | 1 2 3 4 5 6 8 9 10 11 12 13 14 15 16 17 27 | 27.0
Stealth        | 1 2 3 4 5 6 8 9 10 11 12 13 14 15 16 17 27 | 27.0
Shields        | 1 2 3 4 5 6 8 9 10 11 12 13 14 15 16 17 27 | 27.0
Unarmed Combat | 1 2 3 4 5 6 8 9 10 11 12 13 14 15 16 17 27 | 27.0
Evocations     | 1 2 3 4 5 6 8 9 10 11 12 13 14 15 16 17 27 | 27.0
Conjurations   | 1 2 3 4 5 6 7 8 9 10 11 12 13 14 27 | 27.0
Hexes          | 1 2 3 4 5 6 7 8 9 10 11 12 13 14 27 | 27.0
Summonings     | 1 2 3 4 5 6 7 8 9 10 11 12 13 14 27 | 27.0
Necromancy     | 1 2 3 4 5 6 7 8 9 10 11 12 13 14 27 | 27.0
Transmutations | 1 2 3 4 5 6 7 8 9 10 11 12 13 14 27 | 27.0
Fire Magic     | 1 2 3 4 5 6 7 8 9 10 11 12 13 14 27 | 27.0
Ice Magic      | 1 2 3 4 5 6 7 8 9 10 11 12 13 14 27 | 27.0
Air Magic      | 1 2 3 4 5 6 7 8 9 10 11 12 13 14 27 | 27.0
Earth Magic    | 1 2 3 4 5 6 7 8 9 10 11 12 13 14 27 | 27.0
Poison Magic   | 1 2 3 4 5 6 7 8 9 10 11 12 13 14 27 | 27.0
Throwing       | 3 4 5 6 7 8 9 10 11 12 13 14 15 16 17 27 | 27.0
Armour         | 3 4 5 6 7 8 9 10 11 12 13 14 15 16 17 18 27 | 27.0
Fighting       | 5 6 7 8 9 10 11 12 13 14 15 16 17 27 | 27.0
Maces & Flails | 5 6 7 8 9 10 11 12 13 14 15 16 17 27 | 27.0
Dodging        | 5 6 7 8 9 10 11 12 13 14 15 16 17 27 | 27.0
Translocations | 6 7 8 9 10 11 12 13 14 15 27 | 27.0

Action                   |  1- 3 |  4- 6 |  7- 9 | 10-12 | 13-15 | 16-18 | 19-21 | 22-24 | 25-27 || total
-------------------------+-------+-------+-------+-------+-------+-------+-------+-------+-------++-------
Melee: Mace              |   105 |   112 |    12 |       |       |       |       |       |       ||   229
       Bite              |    15 |    13 |    38 |   126 |   125 |    30 |   107 |   125 |  1066 ||  1645
       Rapier            |       |    60 |   252 |   702 |   234 |       |       |       |       ||  1248
       Punch             |       |     2 |     1 |       |       |       |       |       |       ||     3
       Trident           |       |       |       |       |   464 |   335 |  1231 |  1020 |   415 ||  3465
       Broad axe         |       |       |       |       |       |       |       |       |  8415 ||  8415
       Kick              |       |       |       |       |       |       |       |       |   284 ||   284
 Fire: Arbalest          |       |       |    16 |       |       |       |       |       |       ||    16
       Hand crossbow     |       |       |       |       |   271 |   603 |       |       |       ||   874
Throw: Boomerang         |       |     5 |     8 |     7 |    42 |     1 |       |     2 |       ||    65
       Throwing net      |       |       |       |       |       |     2 |       |       |       ||     2
 Cast: Gell's Gravitas   |     1 |    14 |    12 |    75 |    70 |   104 |     5 |       |       ||   281
       Blink             |       |     1 |       |       |       |       |       |       |       ||     1
       Fulminant Prism   |       |       |       |    10 |     3 |       |       |       |       ||    13
       Fireball          |       |       |       |       |   126 |    57 |    53 |    17 |    16 ||   269
       Borgnjor's Vile C |       |       |       |       |    16 |   293 |     4 |    24 |     6 ||   343
       Simulacrum        |       |       |       |       |     1 |       |       |       |       ||     1
       Inner Flame       |       |       |       |       |       |     1 |       |       |       ||     1
       Statue Form       |       |       |       |       |       |    30 |    96 |    66 |   908 ||  1100
       Passwall          |       |       |       |       |       |     1 |       |       |       ||     1
       Alistair's Intoxi |       |       |       |       |       |     1 |       |       |       ||     1
       Summon Hydra      |       |       |       |       |       |    10 |   139 |    35 |       ||   184
       Summon Forest     |       |       |       |       |       |     5 |    80 |    28 |     9 ||   122
       Disjunction       |       |       |       |       |       |       |    16 |    11 |       ||    27
       Tornado           |       |       |       |       |       |       |       |    28 |  1218 ||  1246
       Discord           |       |       |       |       |       |       |       |     8 |    19 ||    27
       Dragon's Call     |       |       |       |       |       |       |       |       |    29 ||    29
       Apportation       |       |       |       |       |       |       |       |       |     4 ||     4
       Ignition          |       |       |       |       |       |       |       |       |    26 ||    26
       Death's Door      |       |       |       |       |       |       |       |       |     9 ||     9
       Passage of Golubr |       |       |       |       |       |       |       |       |     6 ||     6
       Dispel Undead     |       |       |       |       |       |       |       |       |     1 ||     1
Invok: Curse Item        |       |       |       |     5 |     3 |     6 |     2 |       |     6 ||    22
 Abil: Evoke Invisibilit |       |     2 |     9 |    32 |    31 |     2 |       |       |     3 ||    79
Evoke: Wand              |       |       |       |     1 |     7 |     4 |     7 |     5 |    18 ||    42
       Condenser vane    |       |       |       |       |       |     1 |     1 |     8 |     4 ||    14
       Tin of tremorston |       |       |       |       |       |       |       |     9 |     2 ||    11
       Box of beasts     |       |       |       |       |       |       |       |     1 |    15 ||    16
       Phantom mirror    |       |       |       |       |       |       |       |     1 |     8 ||     9
       Horn of Geryon    |       |       |       |       |       |       |       |       |     7 ||     7
  Use: Potion            |     2 |     7 |     3 |     2 |       |     1 |       |       |    36 ||    51
       Scroll            |     2 |     3 |     7 |     8 |     4 |    16 |     5 |     5 |    82 ||   132
 Stab: Sleeping          |     1 |     8 |    10 |    28 |    26 |     3 |    21 |     5 |    44 ||   146
       Invisible         |       |       |     9 |    53 |    67 |       |       |       |     1 ||   130
       Distracted        |       |       |       |       |     1 |     2 |    35 |    19 |    89 ||   146
       Held in net/web   |       |       |       |       |       |     1 |       |       |       ||     1
Armor: Leather armour    |    19 |    70 |    40 |   115 |       |       |       |       |       ||   244
       Robe              |       |       |    12 |       |       |       |       |       |       ||    12
       Skin              |       |       |     3 |       |       |    98 |   320 |   376 |  2293 ||  3090
       Troll leather arm |       |       |       |    27 |    31 |       |       |       |       ||    58
       Acid dragon scale |       |       |       |       |    41 |    37 |     6 |     7 |   103 ||   194
Dodge: Dodged            |    76 |   176 |   176 |   514 |   417 |   360 |   707 |   823 |  5506 ||  8755
Block: Buckler           |       |       |    11 |   254 |   205 |   167 |       |       |       ||   637
       Kite shield       |       |       |       |       |       |    83 |   622 |   678 |  4707 ||  6090
       Tower shield      |       |       |       |       |       |       |       |       |  4274 ||  4274

Table legend: (Time is in decaauts)
 A = Elapsed time spent in this place.
 B = Non-inter-level travel time spent in this place.
 C = Inter-level travel time spent in this place.
 D = Time resting spent in this place.
 E = Time spent auto-exploring this place.
 F = Levels seen in this place.
 G = Mean time per level.
                   A        B        C        D        E       F      G
               +--------+--------+--------+--------+--------+-----+--------+
         Total | 186647 | 171635 |  15012 |   2304 | 126040 | 108 | 1728.2 |
       Dungeon |  23828 |  20157 |   3671 |    275 |  15778 |  15 | 1588.5 |
        Temple |    152 |    115 |     37 |      0 |    111 |   1 |  152.0 |
          Lair |  10240 |   6859 |   3381 |     52 |   5391 |   6 | 1706.7 |
        Shoals |   5507 |   5292 |    215 |      0 |   3873 |   4 | 1376.8 |
     Snake Pit |   9095 |   8189 |    906 |    252 |   5570 |   4 | 2273.8 |
    Slime Pits |   2582 |   2428 |    154 |     44 |   1643 |   5 |  516.4 |
  Orcish Mines |   3622 |   2578 |   1044 |     87 |   1793 |   2 | 1811.0 |
   Elven Halls |   4907 |   4618 |    289 |      0 |   3409 |   3 | 1635.7 |
        Vaults |  11095 |  10256 |    839 |     31 |   7845 |   5 | 2219.0 |
         Crypt |   5404 |   4946 |    458 |      0 |   3954 |   3 | 1801.3 |
          Tomb |   1423 |   1372 |     51 |      0 |    838 |   3 |  474.3 |
        Depths |  11189 |   9543 |   1646 |      0 |   7282 |   5 | 2237.8 |
          Hell |   2220 |   2016 |    204 |      0 |   1717 |   1 | 2220.0 |
           Dis |  15144 |  14952 |    192 |      0 |  11412 |   7 | 2163.4 |
       Gehenna |  16109 |  15623 |    486 |      0 |  11882 |   7 | 2301.3 |
       Cocytus |  23434 |  22625 |    809 |    105 |  16909 |   7 | 3347.7 |
      Tartarus |  14028 |  13822 |    206 |    881 |   9076 |   7 | 2004.0 |
           Zot |   8381 |   7964 |    417 |      0 |   6290 |   5 | 1676.2 |
         Abyss |   4518 |   4518 |      0 |      0 |   2402 |   5 |  903.6 |
   Pandemonium |  13272 |  13272 |      0 |    576 |   8506 |  12 | 1106.0 |
        Wizlab |    485 |    485 |      0 |      0 |    351 |   1 |  485.0 |
               +--------+--------+--------+--------+--------+-----+--------+

Top non-repeatable levels by time:
   Coc:7: 5316 daAuts
   Tar:7: 4470 daAuts
   Geh:7: 4228 daAuts
   Coc:6: 4224 daAuts
   Dis:7: 3585 daAuts
   Coc:5: 3280 daAuts
   Tar:2: 3163 daAuts
 Crypt:3: 3142 daAuts
   Coc:4: 3066 daAuts
Vaults:4: 2974 daAuts
   Dis:2: 2951 daAuts
   Coc:1: 2833 daAuts
   Geh:2: 2782 daAuts
Depths:2: 2584 daAuts
    D:15: 2579 daAuts
